Workbook

Sheet Hoja2
A1: (S/.) | B1: CÓDIGO | C1: DETALLE
A2: 36000 | B2: 2.03 | C2: Alquiler de oficina (todo costo)
A3: 2700 | B3: 2.03 | C3: Alquiler de oficina (todo costo)
A4: 14400 | B4: 2.03 | C4: Alquiler de oficina (todo costo)
A5: 1062 | B5: 2.03 | C5: Alquiler de oficina (todo costo)
A6: 250 | B6: 2.03 | C6: Alquiler de oficina (todo costo)
A7: 522 | B7: 2.03 | C7: Alquiler de oficina (todo costo)
A8: 1000 | B8: 2.03 | C8: Alquiler de oficina (todo costo)
A9: 500 | B9: 2.03 | C9: Alquiler de oficina (todo costo)
A10: 2000 | B10: 2.03 | C10: Alquiler de oficina (todo costo)
A11: 400 | B11: 2.03 | C11: Alquiler de oficina (todo costo)
A12: 3600 | B12: 2.03 | C12: Alquiler de oficina (todo costo)
A13: 200 | B13: 2.03 | C13: Alquiler de oficina (todo costo)
... A64: 13500 | B64: 2.02 | C64: Viáticos y alojamiento de personal
A65: 4800
A66: 165
A67: 150
A68: 1250
A69: 250
A74: 330
A75: 132
A76: 54
A77: 2160
A78: 150
A79: 222
A80: 300
A81: 2400

Sheet Hoja1
A3: CÓDIGO | B3: DETALLE | C3: Suma de (S/.)
A4: 2.02 | B4: Viáticos y alojamiento de personal | C4: 125400
A5: 2.03 | B5: Alquiler de oficina (todo costo) | C5: 71969
A6: 2.04 | B6: Movilidad, combustible, repuestos, no incluye chofer (personal será chofer) | C6: 153000
A7: 2.06 | B7: Insumos varios, impresiones, informes | C7: 32030
A8: 2.07 | B8: Gastos implementación medidas anti Covid | C8: 12285
A9: 2.08 | B9: Equipos de cómputo | C9: 19000
A10: 2.09 | B10: Proyector multimedia | C10: 6000
A11: 2.1 | B11: Parlante | C11: 1000
A12: 2.11 | B12: Micrófono | C12: 300
A13: 2.12 | B13: Ecran | C13: 500
A14: (en blanco) | B14: (en blanco) | C14: 12363
A15: Total general | C15: 433847

Sheet Detalle
B1: SOCIAL CAPITAL GROUP SAC
B2: PROPUESTA ECONOMICA
B3: CLIENTE: OHLA
B4: SERVICIO: Plan de Buena Vecindad - Huarmey
A6: Equipo Consultor | D6: Planificación | F6: RELACIONAMIENTO VECINAL | AP6: TOTAL
F7: MES 1 | H7: MES 2 | J7: MES 3 | L7: MES 4 | N7: MES 5 | P7: MES 6 | R7: MES 7 | T7: MES 8 | V7: MES 9 | X7: MES 10 | Z7: MES 11 | AB7: MES 12 | AD7: MES 13 | AF7: MES 14 | AH7: MES 15 | AJ7: MES 16 | AL7: MES 17 | AN7: MES 18 | AP7: TOTAL
A8: Personal | B8: Cantidad | C8: Rate s/. | D8: Días | E8: Costo | F8: Días | G8: Costo | H8: Días | I8: Costo | J8: Días | K8: Costo | L8: Días | M8: Costo | N8: Días | O8: Costo | P8: Días | Q8: Costo | R8: Días | S8: Costo | T8: Días | U8: Costo | V8: Días | W8: Costo | X8: Días | Y8: Costo | Z8: Días | AA8: Costo | AB8: Días | AC8: Costo | AD8: Días | AE8: Costo | AF8: Días | AG8: Costo | AH8: Días | AI8: Costo | AJ8: Días | AK8: Costo | AL8: Días | AM8: Costo | AN8: Días | AO8: Costo | AP8: Días | AQ8: Mensual | AR8: Meses | AS8: Costo
E9: (S/.) | G9: (S/.) | I9: (S/.) | K9: (S/.) | M9: (S/.) | O9: (S/.) | Q9: (S/.) | S9: (S/.) | U9: (S/.) | W9: (S/.) | Y9: (S/.) | AA9: (S/.) | AC9: (S/.) | AE9: (S/.) | AG9: (S/.) | AI9: (S/.) | AK9: (S/.) | AM9: (S/.) | AO9: (S/.) | AS9: (S/.) | BB9: Total | BC9: Planificación | BD9: Total S/
AX10: =+AY10+D120 -> 19.73 | AY10: 17.73 | AZ10: 1 | BA10: =+AY10*AZ10 -> 17.73 | BB10: =+BA10*C120 -> 47339.1 | BC10: =+E120 -> 5340 | BD10: =+BB10+BC10 -> 52679.1 | BE10: =+BD10/AY10 -> 2971.1844
AX11: =+BA11+D121 -> 75.92 | AY11: 17.73 | AZ11: 4 | BA11: =+AY11*AZ11 -> 70.92 | BB11: =+BA11*C121 -> 70920 | BC11: =+E121 -> 5000 | BD11: =+BB11+BC11 -> 75920 | BE11: =+BD11/AY11 -> 4282.0079
A12: Coordinador | B12: 1 | C12: 646.35 | D12: 2 | E12: =+$B12*$C12*D12 -> 1292.7 | F12: 20 | G12: =+$B12*$C12*F12 -> 12927 | H12: 20 | I12: =+$B12*$C12*H12 -> 12927 | J12: 20 | K12: =+$B12*$C12*J12 -> 12927 | L12: 20 | M12: =+$B12*$C12*L12 -> 12927 | N12: 20 | O12: =+$B12*$C12*N12 -> 12927 | P12: 20 | Q12: =+$B12*$C12*P12 -> 12927 | R12: 20 | S12: =+$B12*$C12*R12 -> 12927 | T12: 20 | U12: =+$B12*$C12*T12 -> 12927 | V12: 20 | W12: =+$B12*$C12*V12 -> 12927 | X12: 20 | Y12: =+$B12*$C12*X12 -> 12927 | Z12: 20 | AA12: =+$B12*$C12*Z12 -> 12927 | AB12: 20 | AC12: =+$B12*$C12*AB12 -> 12927 | AD12: 20 | AE12: =+$B12*$C12*AD12 -> 12927 | AF12: 20 | AG12: =+$B12*$C12*AF12 -> 12927 | AH12: 20 | AI12: =+$B12*$C12*AH12 -> 12927 | AJ12: 20 | AK12: =+$B12*$C12*AJ12 -> 12927 | AL12: 20 | AM12: =+$B12*$C12*AL12 -> 12927 | AN12: 14.6 | AO12: =+$B12*$C12*AN12 -> 9436.71 | AP12: =+F12+H12+J12+L12+N12+P12+R12+T12+V12+X12+Z12+AB12+D12+AD12+AF12+AH12+AJ12+AL12+AN12 -> 356.6 | AQ12: =+AS12/AR12 -> 13000 | AR12: =+AY12 -> 17.73 | AS12: 230490 | AT12: =+AS12/AP12 -> 646.35446 | AX12: =+BA12+D12 -> 356.6 | AY12: 17.73 | AZ12: 20 | BA12: =+AY12*AZ12 -> 354.6 | BB12: =+BA12*C12 -> 229195.71 | BC12: =+E12 -> 1292.7 | BD12: =+BB12+BC12 -> 230488.41 | BE12: =+BD12/AY12 -> 12999.91 | BF12: =+BE12*0.8 -> 10399.928
A13: Relacionista | B13: 1 | C13: 462.39 | D13: 2 | E13: =+$B13*$C13*D13 -> 924.78 | F13: 20 | G13: =+$B13*$C13*F13 -> 9247.8 | H13: 20 | I13: =+$B13*$C13*H13 -> 9247.8 | J13: 20 | K13: =+$B13*$C13*J13 -> 9247.8 | L13: 20 | M13: =+$B13*$C13*L13 -> 9247.8 | N13: 20 | O13: =+$B13*$C13*N13 -> 9247.8 | P13: 20 | Q13: =+$B13*$C13*P13 -> 9247.8 | R13: 20 | S13: =+$B13*$C13*R13 -> 9247.8 | T13: 20 | U13: =+$B13*$C13*T13 -> 9247.8 | V13: 20 | W13: =+$B13*$C13*V13 -> 9247.8 | X13: 20 | Y13: =+$B13*$C13*X13 -> 9247.8 | Z13: 20 | AA13: =+$B13*$C13*Z13 -> 9247.8 | AB13: 20 | AC13: =+$B13*$C13*AB13 -> 9247.8 | AD13: 20 | AE13: =+$B13*$C13*AD13 -> 9247.8 | AF13: 20 | AG13: =+$B13*$C13*AF13 -> 9247.8 | AH13: 20 | AI13: =+$B13*$C13*AH13 -> 9247.8 | AJ13: 20 | AK13: =+$B13*$C13*AJ13 -> 9247.8 | AL13: 20 | AM13: =+$B13*$C13*AL13 -> 9247.8 | AN13: 14.6 | AO13: =+$B13*$C13*AN13 -> 6750.894 | AP13: =+F13+H13+J13+L13+N13+P13+R13+T13+V13+X13+Z13+AB13+D13+AD13+AF13+AH13+AJ13+AL13+AN13 -> 356.6 | AQ13: =+AS13/AR13 -> 9300 | AR13: =+AY13 -> 17.73 | AS13: 164889 | AT13: =+AS13/AP13 -> 462.39204 | AX13: =+BA13+D13 -> 356.6 | AY13: 17.73 | AZ13: 20 | BA13: =+AY13*AZ13 -> 354.6 | BB13: =+BA13*C13 -> 163963.49 | BC13: =+E13 -> 924.78 | BD13: =+BB13+BC13 -> 164888.27 | BE13: =+BD13/AY13 -> 9299.9591 | BF13: =+BE13*0.8 -> 7439.9672
A14: Relacionista | B14: 1 | C14: 447.06 | D14: 2 | E14: =+$B14*$C14*D14 -> 894.12 | F14: 20 | G14: =+$B14*$C14*F14 -> 8941.2 | H14: 20 | I14: =+$B14*$C14*H14 -> 8941.2 | J14: 20 | K14: =+$B14*$C14*J14 -> 8941.2 | L14: 20 | M14: =+$B14*$C14*L14 -> 8941.2 | N14: 20 | O14: =+$B14*$C14*N14 -> 8941.2 | P14: 20 | Q14: =+$B14*$C14*P14 -> 8941.2 | R14: 20 | S14: =+$B14*$C14*R14 -> 8941.2 | T14: 20 | U14: =+$B14*$C14*T14 -> 8941.2 | V14: 20 | W14: =+$B14*$C14*V14 -> 8941.2 | X14: 20 | Y14: =+$B14*$C14*X14 -> 8941.2 | Z14: 20 | AA14: =+$B14*$C14*Z14 -> 8941.2 | AB14: 20 | AC14: =+$B14*$C14*AB14 -> 8941.2 | AD14: 20 | AE14: =+$B14*$C14*AD14 -> 8941.2 | AF14: 20 | AG14: =+$B14*$C14*AF14 -> 8941.2 | AH14: 20 | AI14: =+$B14*$C14*AH14 -> 8941.2 | AJ14: =20-15.4 -> 4.6 | AK14: =+$B14*$C14*AJ14 -> 2056.476 | AM14: =+$B14*$C14*AL14 -> 0 | AO14: =+$B14*$C14*AN14 -> 0 | AP14: =+F14+H14+J14+L14+N14+P14+R14+T14+V14+X14+Z14+AB14+D14+AD14+AF14+AH14+AJ14+AL14+AN14 -> 306.6 | AQ14: =+AS14/AR14 -> 9000 | AR14: =+AY14 -> 15.23 | AS14: 137070 | AT14: =+AS14/AP14 -> 447.06458 | AX14: =+BA14+D14 -> 306.6 | AY14: 15.23 | AZ14: 20 | BA14: =+AY14*AZ14 -> 304.6 | BB14: =+BA14*C14 -> 136174.48 | BC14: =+E14 -> 894.12 | BD14: =+BB14+BC14 -> 137068.6 | BE14: =+BD14/AY14 -> 8999.9078
A15: Relacionista | B15: 1 | C15: 447.16 | D15: 2 | E15: =+$B15*$C15*D15 -> 894.32 | F15: 20 | G15: =+$B15*$C15*F15 -> 8943.2 | H15: 20 | I15: =+$B15*$C15*H15 -> 8943.2 | J15: 20 | K15: =+$B15*$C15*J15 -> 8943.2 | L15: 20 | M15: =+$B15*$C15*L15 -> 8943.2 | N15: 20 | O15: =+$B15*$C15*N15 -> 8943.2 | P15: 20 | Q15: =+$B15*$C15*P15 -> 8943.2 | R15: 20 | S15: =+$B15*$C15*R15 -> 8943.2 | T15: 20 | U15: =+$B15*$C15*T15 -> 8943.2 | V15: 20 | W15: =+$B15*$C15*V15 -> 8943.2 | X15: 20 | Y15: =+$B15*$C15*X15 -> 8943.2 | Z15: 20 | AA15: =+$B15*$C15*Z15 -> 8943.2 | AB15: 20 | AC15: =+$B15*$C15*AB15 -> 8943.2 | AD15: 20 | AE15: =+$B15*$C15*AD15 -> 8943.2 | AF15: 20 | AG15: =+$B15*$C15*AF15 -> 8943.2 | AH15: 20 | AI15: =+$B15*$C15*AH15 -> 8943.2 | AJ15: =20-5.4 -> 14.6 | AK15: =+$B15*$C15*AJ15 -> 6528.536 | AM15: =+$B15*$C15*AL15 -> 0 | AO15: =+$B15*$C15*AN15 -> 0 | AP15: =+F15+H15+J15+L15+N15+P15+R15+T15+V15+X15+Z15+AB15+D15+AD15+AF15+AH15+AJ15+AL15+AN15 -> 316.6 | AQ15: =+AS15/AR15 -> 9000 | AR15: =+AY15 -> 15.73 | AS15: 141570 | AT15: =+AS15/AP15 -> 447.1573 | AX15: =+BA15+D15 -> 316.6 | AY15: 15.73 | AZ15: 20 | BA15: =+AY15*AZ15 -> 314.6 | BB15: =+BA15*C15 -> 140676.54 | BC15: =+E15 -> 894.32 | BD15: =+BB15+BC15 -> 141570.86 | BE15: =+BD15/AY15 -> 9000.0544
A16: Comunicador | B16: 1 | C16: 462.39 | D16: 2 | E16: =+$B16*$C16*D16 -> 924.78 | F16: 20 | G16: =+$B16*$C16*F16 -> 9247.8 | H16: 20 | I16: =+$B16*$C16*H16 -> 9247.8 | J16: 20 | K16: =+$B16*$C16*J16 -> 9247.8 | L16: 20 | M16: =+$B16*$C16*L16 -> 9247.8 | N16: 20 | O16: =+$B16*$C16*N16 -> 9247.8 | P16: 20 | Q16: =+$B16*$C16*P16 -> 9247.8 | R16: 20 | S16: =+$B16*$C16*R16 -> 9247.8 | T16: 20 | U16: =+$B16*$C16*T16 -> 9247.8 | V16: 20 | W16: =+$B16*$C16*V16 -> 9247.8 | X16: 20 | Y16: =+$B16*$C16*X16 -> 9247.8 | Z16: 20 | AA16: =+$B16*$C16*Z16 -> 9247.8 | AB16: 20 | AC16: =+$B16*$C16*AB16 -> 9247.8 | AD16: 20 | AE16: =+$B16*$C16*AD16 -> 9247.8 | AF16: 20 | AG16: =+$B16*$C16*AF16 -> 9247.8 | AH16: 20 | AI16: =+$B16*$C16*AH16 -> 9247.8 | AJ16: 20 | AK16: =+$B16*$C16*AJ16 -> 9247.8 | AL16: 20 | AM16: =+$B16*$C16*AL16 -> 9247.8 | AN16: 14.6 | AO16: =+$B16*$C16*AN16 -> 6750.894 | AP16: =+F16+H16+J16+L16+N16+P16+R16+T16+V16+X16+Z16+AB16+D16+AD16+AF16+AH16+AJ16+AL16+AN16 -> 356.6 | AQ16: =+AS16/AR16 -> 9300 | AR16: =+AY16 -> 17.73 | AS16: 164889 | AT16: =+AS16/AP16 -> 462.39204 | AX16: =+BA16+D16 -> 356.6 | AY16: 17.73 | AZ16: 20 | BA16: =+AY16*AZ16 -> 354.6 | BB16: =+BA16*C16 -> 163963.49 | BC16: =+E16 -> 924.78 | BD16: =+BB16+BC16 -> 164888.27 | BE16: =+BD16/AY16 -> 9299.9591
AX17: =+BA17+D122 -> 354.6 | AY17: 17.73 | AZ17: 20 | BA17: =+AY17*AZ17 -> 354.6 | BB17: =+BA17*C122 -> 35460 | BC17: =+E122 -> 0 | BD17: =+BB17+BC17 -> 35460 | BE17: =+BD17/AY17 -> 2000
AX18: =+BA18+D123 -> 354.6 | AY18: 17.73 | AZ18: 20 | BA18: =+AY18*AZ18 -> 354.6 | BB18: =+BA18*C123 -> 60282 | BC18: =+E123 -> 0 | BD18: =+BB18+BC18 -> 60282 | BE18: =+BD18/AY18 -> 3400
A19: Total Equipo Consultor | E19: =SUM(E10:E123) -> 6200 | G19: =SUM(G10:G123) -> 67400 | I19: =SUM(I10:I123) -> 67400 | K19: =SUM(K10:K123) -> 67400 | M19: =SUM(M10:M123) -> 67400 | O19: =SUM(O10:O123) -> 67400 | Q19: =SUM(Q10:Q123) -> 67400 | S19: =SUM(S10:S123) -> 67400 | U19: =SUM(U10:U123) -> 67400 | W19: =SUM(W10:W123) -> 67400 | Y19: =SUM(Y10:Y123) -> 67400 | AA19: =SUM(AA10:AA123) -> 67400 | AC19: =SUM(AC10:AC123) -> 67400 | AE19: =SUM(AE10:AE123) -> 67400 | AG19: =SUM(AG10:AG123) -> 67400 | AI19: =SUM(AI10:AI123) -> 67400 | AK19: =SUM(AK10:AK123) -> 55960 | AM19: =SUM(AM10:AM123) -> 45400 | AO19: =SUM(AO10:AO123) -> 33142 | AS19: =+AS12+AS13+AS14+AS15+AS16 -> 838908 | AX19: =+AY19+D19 -> 0 | BB19: =SUM(BB10:BB18) -> 1047974.8 | BC19: =SUM(BC10:BC18) -> 15270.7 | BD19: =SUM(BD10:BD18) -> 1063245.5
A21: Gastos Operativos | D21: Planificación | F21: MES 1 | H21: MES 2 | J21: MES 3 | L21: MES 4 | N21: MES 5 | P21: MES 6 | R21: MES 7 | T21: MES 8 | V21: MES 9 | X21: MES 10 | Z21: MES 11 | AB21: MES 12 | AD21: MES 13 | AF21: MES 14 | AH21: MES 15 | AJ21: MES 16 | AL21: MES 17 | AN21: MES 18 | AP21: TOTAL | AT21: CODIGO
A22: Gastos Operativos | B22: Rate | C22: Unidad | D22: Cant. | E22: Costo | F22: Cant. | G22: Costo | H22: Cant. | I22: Costo | J22: Cant. | K22: Costo | L22: Cant. | M22: Costo | N22: Cant. | O22: Costo | P22: Cant. | Q22: Costo | R22: Cant. | S22: Costo | T22: Cant. | U22: Costo | V22: Cant. | W22: Costo | X22: Cant. | Y22: Costo | Z22: Cant. | AA22: Costo | AB22: Cant. | AC22: Costo | AD22: Cant. | AE22: Costo | AF22: Cant. | AG22: Costo | AH22: Cant. | AI22: Costo | AJ22: Cant. | AK22: Costo | AL22: Cant. | AM22: Costo | AN22: Cant. | AO22: Costo | AP22: Cant. | AS22: Costo | AT22: 0 | AU22: Otros
B23: (S/.) | E23: (S/.) | G23: (S/.) | I23: (S/.) | K23: (S/.) | M23: (S/.) | O23: (S/.) | Q23: (S/.) | S23: (S/.) | U23: (S/.) | W23: (S/.) | Y23: (S/.) | AA23: (S/.) | AC23: (S/.) | AE23: (S/.) | AG23: (S/.) | AI23: (S/.) | AK23: (S/.) | AM23: (S/.) | AO23: (S/.) | AS23: (S/.) | AT23: 0 | AU23: Otros
A24: Botiquín | B24: 200 | C24: por auto bimestral | D24: 0 | E24: =+D24*$B24 -> 0 | F24: 1 | G24: =+F24*$B24 -> 200 | H24: 0 | I24: =+H24*$B24 -> 0 | J24: 1 | K24: =+J24*$B24 -> 200 | L24: 0 | M24: =+L24*$B24 -> 0 | N24: 1 | O24: =+N24*$B24 -> 200 | P24: 0 | Q24: =+P24*$B24 -> 0 | R24: 1 | S24: =+R24*$B24 -> 200 | T24: 0 | U24: =+T24*$B24 -> 0 | V24: 1 | W24: =+V24*$B24 -> 200 | X24: 0 | Y24: =+X24*$B24 -> 0 | Z24: 1 | AA24: =+Z24*$B24 -> 200 | AB24: 0 | AC24: =+AB24*$B24 -> 0 | AD24: 1 | AE24: =+AD24*$B24 -> 200 | AF24: 0 | AG24: =+AF24*$B24 -> 0 | AH24: 1 | AI24: =+AH24*$B24 -> 200 | AJ24: 0 | AK24: =+AJ24*$B24 -> 0 | AL24: 1 | AM24: =+AL24*$B24 -> 200 | AN24: 0 | AO24: =+AN24*$B24 -> 0 | AP24: =+F24+H24+J24+L24+N24+P24+R24+T24+V24+X24+Z24+AB24+D24+AD24+AF24+AH24+AJ24+AL24+AN24 -> 9 | AS24: =E24+G24+I24+K24+M24+O24+Q24+S24+U24+W24+Y24+AA24+AC24+AE24+AG24+AI24+AK24+AM24+AO24 -> 1800 | AT24: 2.02 | AU24: Viáticos y alojamiento de personal
A25: Alimentación | B25: 35 | C25: por persona dia | D25: 0 | E25: =+D25*$B25 -> 0 | F25: 20 | G25: =+(F25*$B25)*5 -> 3500 | H25: 20 | I25: =(B25*H25)*5 -> 3500 | J25: 20 | K25: =+(J25*$B25)*5 -> 3500 | L25: 20 | M25: =+(L25*$B25)*5 -> 3500 | N25: 20 | O25: =+(N25*$B25)*5 -> 3500 | P25: 20 | Q25: =+(P25*$B25)*5 -> 3500 | R25: 20 | S25: =+(R25*$B25)*5 -> 3500 | T25: 20 | U25: =+(T25*$B25)*5 -> 3500 | V25: 20 | W25: =+(V25*$B25)*5 -> 3500 | X25: 20 | Y25: =+(X25*$B25)*5 -> 3500 | Z25: 20 | AA25: =+(Z25*$B25)*5 -> 3500 | AB25: 20 | AC25: =+(AB25*$B25)*5 -> 3500 | AD25: 20 | AE25: =+(AD25*$B25)*5 -> 3500 | AF25: 20 | AG25: =+(AF25*$B25)*5 -> 3500 | AH25: 20 | AI25: =+(AH25*$B25)*5 -> 3500 | AJ25: 20 | AK25: =+(AJ25*$B25)*5 -> 3500 | AL25: 20 | AM25: =+(AL25*$B25)*5 -> 3500 | AN25: 20 | AO25: =+(AN25*$B25)*5 -> 3500 | AP25: =+F25+H25+J25+L25+N25+P25+R25+T25+V25+X25+Z25+AB25+D25+AD25+AF25+AH25+AJ25+AL25+AN25 -> 360 | AS25: =E25+G25+I25+K25+M25+O25+Q25+S25+U25+W25+Y25+AA25+AC25+AE25+AG25+AI25+AK25+AM25+AO25 -> 63000 | AT25: 2.02 | AU25: Viáticos y alojamiento de personal
A26: Alquiler Vivienda | B26: 2500 | C26: por mes | D26: 0 | E26: =+D26*$B26 -> 0 | F26: 1 | G26: =+(F26*$B26) -> 2500 | H26: 1 | I26: =(B26*H26) -> 2500 | J26: 1 | K26: =+(J26*$B26) -> 2500 | L26: 1 | M26: =+(L26*$B26) -> 2500 | N26: 1 | O26: =+(N26*$B26) -> 2500 | P26: 1 | Q26: =+(P26*$B26) -> 2500 | R26: 1 | S26: =+(R26*$B26) -> 2500 | T26: 1 | U26: =+(T26*$B26) -> 2500 | V26: 1 | W26: =+(V26*$B26) -> 2500 | X26: 1 | Y26: =+(X26*$B26) -> 2500 | Z26: 1 | AA26: =+(Z26*$B26) -> 2500 | AB26: 1 | AC26: =+(AB26*$B26) -> 2500 | AD26: 1 | AE26: =+(AD26*$B26) -> 2500 | AF26: 1 | AG26: =+(AF26*$B26) -> 2500 | AH26: 1 | AI26: =+(AH26*$B26) -> 2500 | AJ26: 1 | AK26: =+(AJ26*$B26) -> 2500 | AL26: 1 | AM26: =+(AL26*$B26) -> 2500 | AN26: 1 | AO26: =+(AN26*$B26) -> 2500 | AP26: =+F26+H26+J26+L26+N26+P26+R26+T26+V26+X26+Z26+AB26+D26+AD26+AF26+AH26+AJ26+AL26+AN26 -> 18 | AS26: =E26+G26+I26+K26+M26+O26+Q26+S26+U26+W26+Y26+AA26+AC26+AE26+AG26+AI26+AK26+AM26+AO26 -> 45000 | AT26: 2.02 | AU26: Viáticos y alojamiento de personal
A27: Pasaje Gerente + alimentación y hospedaje | B27: 300 | C27: por persona trimestral | D27: 6 | E27: =+D27*$B27 -> 1800 | F27: 0 | G27: =(+F27*$B27) -> 0 | H27: 0 | I27: =+H27*$B27 -> 0 | J27: 0 | K27: =+J27*$B27 -> 0 | L27: 1 | M27: =+L27*$B27 -> 300 | N27: 0 | O27: =+N27*$B27 -> 0 | P27: 0 | Q27: =+P27*$B27 -> 0 | R27: 0 | S27: =+R27*$B27 -> 0 | T27: 0 | U27: =+T27*$B27 -> 0 | V27: 0 | W27: =+V27*$B27 -> 0 | X27: 0 | Y27: =+X27*$B27 -> 0 | Z27: 0 | AA27: =+Z27*$B27 -> 0 | AB27: 0 | AC27: =+AB27*$B27 -> 0 | AD27: 0 | AE27: =+AD27*$B27 -> 0 | AF27: 0 | AG27: =+AF27*$B27 -> 0 | AH27: 0 | AI27: =+AH27*$B27 -> 0 | AJ27: 0 | AK27: =+AJ27*$B27 -> 0 | AL27: 0 | AM27: =+AL27*$B27 -> 0 | AN27: 0 | AO27: =+AN27*$B27 -> 0 | AP27: =+F27+H27+J27+L27+N27+P27+R27+T27+V27+X27+Z27+AB27+D27+AD27+AF27+AH27+AJ27+AL27+AN27 -> 7 | AS27: =E27+G27+I27+K27+M27+O27+Q27+S27+U27+W27+Y27+AA27+AC27+AE27+AG27+AI27+AK27+AM27+AO27 -> 2100 | AT27: 2.02 | AU27: Viáticos y alojamiento de personal
A28: Pasaje terrestre | B28: 150 | C28: por persona/2 veces x mes | D28: 0 | E28: =+D28*$B28 -> 0 | F28: 5 | G28: =(+F28*$B28) -> 750 | H28: 5 | I28: =+H28*$B28 -> 750 | J28: 5 | K28: =+J28*$B28 -> 750 | L28: 5 | M28: =+L28*$B28 -> 750 | N28: 5 | O28: =+N28*$B28 -> 750 | P28: 5 | Q28: =+P28*$B28 -> 750 | R28: 5 | S28: =+R28*$B28 -> 750 | T28: 5 | U28: =+T28*$B28 -> 750 | V28: 5 | W28: =+V28*$B28 -> 750 | X28: 5 | Y28: =+X28*$B28 -> 750 | Z28: 5 | AA28: =+Z28*$B28 -> 750 | AB28: 5 | AC28: =+AB28*$B28 -> 750 | AD28: 5 | AE28: =+AD28*$B28 -> 750 | AF28: 5 | AG28: =+AF28*$B28 -> 750 | AH28: 5 | AI28: =+AH28*$B28 -> 750 | AJ28: 5 | AK28: =+AJ28*$B28 -> 750 | AL28: 5 | AM28: =+AL28*$B28 -> 750 | AN28: 5 | AO28: =+AN28*$B28 -> 750 | AP28: =+F28+H28+J28+L28+N28+P28+R28+T28+V28+X28+Z28+AB28+D28+AD28+AF28+AH28+AJ28+AL28+AN28 -> 90 | AS28: =E28+G28+I28+K28+M28+O28+Q28+S28+U28+W28+Y28+AA28+AC28+AE28+AG28+AI28+AK28+AM28+AO28 -> 13500 | AT28: 2.02 | AU28: Viáticos y alojamiento de personal
AS29: =SUM(AS24:AS28) -> 125400 | AT29: Total 2.02 | AW29: =SUBTOTAL(9,AW25:AW28) -> 0
A30: Alquiler de Oficina | B30: 2000 | C30: por mes | D30: 0 | E30: =+D30*$B30 -> 0 | F30: 1 | G30: =+F30*$B30 -> 2000 | H30: 1 | I30: =+H30*$B30 -> 2000 | J30: 1 | K30: =+J30*$B30 -> 2000 | L30: 1 | M30: =+L30*$B30 -> 2000 | N30: 1 | O30: =+N30*$B30 -> 2000 | P30: 1 | Q30: =+P30*$B30 -> 2000 | R30: 1 | S30: =+R30*$B30 -> 2000 | T30: 1 | U30: =+T30*$B30 -> 2000 | V30: 1 | W30: =+V30*$B30 -> 2000 | X30: 1 | Y30: =+X30*$B30 -> 2000 | Z30: 1 | AA30: =+Z30*$B30 -> 2000 | AB30: 1 | AC30: =+AB30*$B30 -> 2000 | AD30: 1 | AE30: =+AD30*$B30 -> 2000 | AF30: 1 | AG30: =+AF30*$B30 -> 2000 | AH30: 1 | AI30: =+AH30*$B30 -> 2000 | AJ30: 1 | AK30: =+AJ30*$B30 -> 2000 | AL30: 1 | AM30: =+AL30*$B30 -> 2000 | AN30: 1 | AO30: =+AN30*$B30 -> 2000 | AP30: =+F30+H30+J30+L30+N30+P30+R30+T30+V30+X30+Z30+AB30+D30+AD30+AF30+AH30+AJ30+AL30+AN30 -> 18 | AS30: =E30+G30+I30+K30+M30+O30+Q30+S30+U30+W30+Y30+AA30+AC30+AE30+AG30+AI30+AK30+AM30+AO30 -> 36000 | AT30: 2.03 | AU30: Alquiler de oficina (todo costo)
A31: Luz | B31: 150 | C31: por mes | D31: 0 | E31: =+D31*$B31 -> 0 | F31: 1 | G31: =+F31*$B31 -> 150 | H31: 1 | I31: =+H31*$B31 -> 150 | J31: 1 | K31: =+J31*$B31 -> 150 | L31: 1 | M31: =+L31*$B31 -> 150 | N31: 1 | O31: =+N31*$B31 -> 150 | P31: 1 | Q31: =+P31*$B31 -> 150 | R31: 1 | S31: =+R31*$B31 -> 150 | T31: 1 | U31: =+T31*$B31 -> 150 | V31: 1 | W31: =+V31*$B31 -> 150 | X31: 1 | Y31: =+X31*$B31 -> 150 | Z31: 1 | AA31: =+Z31*$B31 -> 150 | AB31: 1 | AC31: =+AB31*$B31 -> 150 | AD31: 1 | AE31: =+AD31*$B31 -> 150 | AF31: 1 | AG31: =+AF31*$B31 -> 150 | AH31: 1 | AI31: =+AH31*$B31 -> 150 | AJ31: 1 | AK31: =+AJ31*$B31 -> 150 | AL31: 1 | AM31: =+AL31*$B31 -> 150 | AN31: 1 | AO31: =+AN31*$B31 -> 150 | AP31: =+F31+H31+J31+L31+N31+P31+R31+T31+V31+X31+Z31+AB31+D31+AD31+AF31+AH31+AJ31+AL31+AN31 -> 18 | AS31: =E31+G31+I31+K31+M31+O31+Q31+S31+U31+W31+Y31+AA31+AC31+AE31+AG31+AI31+AK31+AM31+AO31 -> 2700 | AT31: 2.03 | AU31: Alquiler de oficina (todo costo)
A32: Limpieza de local | B32: 800 | C32: por mes | D32: 0 | E32: =+D32*$B32 -> 0 | F32: 1 | G32: =+F32*$B32 -> 800 | H32: 1 | I32: =+H32*$B32 -> 800 | J32: 1 | K32: =+J32*$B32 -> 800 | L32: 1 | M32: =+L32*$B32 -> 800 | N32: 1 | O32: =+N32*$B32 -> 800 | P32: 1 | Q32: =+P32*$B32 -> 800 | R32: 1 | S32: =+R32*$B32 -> 800 | T32: 1 | U32: =+T32*$B32 -> 800 | V32: 1 | W32: =+V32*$B32 -> 800 | X32: 1 | Y32: =+X32*$B32 -> 800 | Z32: 1 | AA32: =+Z32*$B32 -> 800 | AB32: 1 | AC32: =+AB32*$B32 -> 800 | AD32: 1 | AE32: =+AD32*$B32 -> 800 | AF32: 1 | AG32: =+AF32*$B32 -> 800 | AH32: 1 | AI32: =+AH32*$B32 -> 800 | AJ32: 1 | AK32: =+AJ32*$B32 -> 800 | AL32: 1 | AM32: =+AL32*$B32 -> 800 | AN32: 1 | AO32: =+AN32*$B32 -> 800 | AP32: =+F32+H32+J32+L32+N32+P32+R32+T32+V32+X32+Z32+AB32+D32+AD32+AF32+AH32+AJ32+AL32+AN32 -> 18 | AS32: =E32+G32+I32+K32+M32+O32+Q32+S32+U32+W32+Y32+AA32+AC32+AE32+AG32+AI32+AK32+AM32+AO32 -> 14400 | AT32: 2.03 | AU32: Alquiler de oficina (todo costo)
A33: Internet (Bitel) | B33: 59 | C33: por mes | D33: 0 | E33: =+D33*$B33 -> 0 | F33: 1 | G33: =+F33*$B33 -> 59 | H33: 1 | I33: =+H33*$B33 -> 59 | J33: 1 | K33: =+J33*$B33 -> 59 | L33: 1 | M33: =+L33*$B33 -> 59 | N33: 1 | O33: =+N33*$B33 -> 59 | P33: 1 | Q33: =+P33*$B33 -> 59 | R33: 1 | S33: =+R33*$B33 -> 59 | T33: 1 | U33: =+T33*$B33 -> 59 | V33: 1 | W33: =+V33*$B33 -> 59 | X33: 1 | Y33: =+X33*$B33 -> 59 | Z33: 1 | AA33: =+Z33*$B33 -> 59 | AB33: 1 | AC33: =+AB33*$B33 -> 59 | AD33: 1 | AE33: =+AD33*$B33 -> 59 | AF33: 1 | AG33: =+AF33*$B33 -> 59 | AH33: 1 | AI33: =+AH33*$B33 -> 59 | AJ33: 1 | AK33: =+AJ33*$B33 -> 59 | AL33: 1 | AM33: =+AL33*$B33 -> 59 | AN33: 1 | AO33: =+AN33*$B33 -> 59 | AP33: =+F33+H33+J33+L33+N33+P33+R33+T33+V33+X33+Z33+AB33+D33+AD33+AF33+AH33+AJ33+AL33+AN33 -> 18 | AS33: =E33+G33+I33+K33+M33+O33+Q33+S33+U33+W33+Y33+AA33+AC33+AE33+AG33+AI33+AK33+AM33+AO33 -> 1062 | AT33: 2.03 | AU33: Alquiler de oficina (todo costo)
A34: Teléfono Línea de atención permanente (Bitel) | B34: 250 | C34: una vez | D34: 1 | E34: =+D34*$B34 -> 250 | F34: 0 | G34: =+F34*$B34 -> 0 | H34: 0 | I34: =+H34*$B34 -> 0 | J34: 0 | K34: =+J34*$B34 -> 0 | L34: 0 | M34: =+L34*$B34 -> 0 | N34: 0 | O34: =+N34*$B34 -> 0 | P34: 0 | Q34: =+P34*$B34 -> 0 | R34: 0 | S34: =+R34*$B34 -> 0 | T34: 0 | U34: =+T34*$B34 -> 0 | V34: 0 | W34: =+V34*$B34 -> 0 | X34: 0 | Y34: =+X34*$B34 -> 0 | Z34: 0 | AA34: =+Z34*$B34 -> 0 | AB34: 0 | AC34: =+AB34*$B34 -> 0 | AD34: 0 | AE34: =+AD34*$B34 -> 0 | AF34: 0 | AG34: =+AF34*$B34 -> 0 | AH34: 0 | AI34: =+AH34*$B34 -> 0 | AJ34: 0 | AK34: =+AJ34*$B34 -> 0 | AL34: 0 | AM34: =+AL34*$B34 -> 0 | AN34: 0 | AO34: =+AN34*$B34 -> 0 | AP34: =+F34+H34+J34+L34+N34+P34+R34+T34+V34+X34+Z34+AB34+D34+AD34+AF34+AH34+AJ34+AL34+AN34 -> 1 | AS34: =E34+G34+I34+K34+M34+O34+Q34+S34+U34+W34+Y34+AA34+AC34+AE34+AG34+AI34+AK34+AM34+AO34 -> 250 | AT34: 2.03 | AU34: Alquiler de oficina (todo costo)
A35: Pago línea atención (Bitel) | B35: 29 | C35: por mes | D35: 0 | E35: =+D35*$B35 -> 0 | F35: 1 | G35: =+F35*$B35 -> 29 | H35: 1 | I35: =+H35*$B35 -> 29 | J35: 1 | K35: =+J35*$B35 -> 29 | L35: 1 | M35: =+L35*$B35 -> 29 | N35: 1 | O35: =+N35*$B35 -> 29 | P35: 1 | Q35: =+P35*$B35 -> 29 | R35: 1 | S35: =+R35*$B35 -> 29 | T35: 1 | U35: =+T35*$B35 -> 29 | V35: 1 | W35: =+V35*$B35 -> 29 | X35: 1 | Y35: =+X35*$B35 -> 29 | Z35: 1 | AA35: =+Z35*$B35 -> 29 | AB35: 1 | AC35: =+AB35*$B35 -> 29 | AD35: 1 | AE35: =+AD35*$B35 -> 29 | AF35: 1 | AG35: =+AF35*$B35 -> 29 | AH35: 1 | AI35: =+AH35*$B35 -> 29 | AJ35: 1 | AK35: =+AJ35*$B35 -> 29 | AL35: 1 | AM35: =+AL35*$B35 -> 29 | AN35: 1 | AO35: =+AN35*$B35 -> 29 | AP35: =+F35+H35+J35+L35+N35+P35+R35+T35+V35+X35+Z35+AB35+D35+AD35+AF35+AH35+AJ35+AL35+AN35 -> 18 | AS35: =E35+G35+I35+K35+M35+O35+Q35+S35+U35+W35+Y35+AA35+AC35+AE35+AG35+AI35+AK35+AM35+AO35 -> 522 | AT35: 2.03 | AU35: Alquiler de oficina (todo costo)
A36: Cámara fotográfica | B36: 1000 | C36: una vez | D36: 1 | E36: =+D36*$B36 -> 1000 | F36: 0 | G36: =+F36*$B36 -> 0 | H36: 0 | I36: =+H36*$B36 -> 0 | J36: 0 | K36: =+J36*$B36 -> 0 | L36: 0 | M36: =+L36*$B36 -> 0 | N36: 0 | O36: =+N36*$B36 -> 0 | P36: 0 | Q36: =+P36*$B36 -> 0 | R36: 0 | S36: =+R36*$B36 -> 0 | T36: 0 | U36: =+T36*$B36 -> 0 | V36: 0 | W36: =+V36*$B36 -> 0 | X36: 0 | Y36: =+X36*$B36 -> 0 | Z36: 0 | AA36: =+Z36*$B36 -> 0 | AB36: 0 | AC36: =+AB36*$B36 -> 0 | AD36: 0 | AE36: =+AD36*$B36 -> 0 | AF36: 0 | AG36: =+AF36*$B36 -> 0 | AH36: 0 | AI36: =+AH36*$B36 -> 0 | AJ36: 0 | AK36: =+AJ36*$B36 -> 0 | AL36: 0 | AM36: =+AL36*$B36 -> 0 | AN36: 0 | AO36: =+AN36*$B36 -> 0 | AP36: =+F36+H36+J36+L36+N36+P36+R36+T36+V36+X36+Z36+AB36+D36+AD36+AF36+AH36+AJ36+AL36+AN36 -> 1 | AS36: =E36+G36+I36+K36+M36+O36+Q36+S36+U36+W36+Y36+AA36+AC36+AE36+AG36+AI36+AK36+AM36+AO36 -> 1000 | AT36: 2.03 | AU36: Alquiler de oficina (todo costo)
A37: Cableado | B37: 500 | C37: una vez | D37: 1 | E37: =+D37*$B37 -> 500 | F37: 0 | G37: =+F37*$B37 -> 0 | H37: 0 | I37: =+H37*$B37 -> 0 | J37: 0 | K37: =+J37*$B37 -> 0 | L37: 0 | M37: =+L37*$B37 -> 0 | N37: 0 | O37: =+N37*$B37 -> 0 | P37: 0 | Q37: =+P37*$B37 -> 0 | R37: 0 | S37: =+R37*$B37 -> 0 | T37: 0 | U37: =+T37*$B37 -> 0 | V37: 0 | W37: =+V37*$B37 -> 0 | X37: 0 | Y37: =+X37*$B37 -> 0 | Z37: 0 | AA37: =+Z37*$B37 -> 0 | AB37: 0 | AC37: =+AB37*$B37 -> 0 | AD37: 0 | AE37: =+AD37*$B37 -> 0 | AF37: 0 | AG37: =+AF37*$B37 -> 0 | AH37: 0 | AI37: =+AH37*$B37 -> 0 | AJ37: 0 | AK37: =+AJ37*$B37 -> 0 | AL37: 0 | AM37: =+AL37*$B37 -> 0 | AN37: 0 | AO37: =+AN37*$B37 -> 0 | AP37: =+F37+H37+J37+L37+N37+P37+R37+T37+V37+X37+Z37+AB37+D37+AD37+AF37+AH37+AJ37+AL37+AN37 -> 1 | AS37: =E37+G37+I37+K37+M37+O37+Q37+S37+U37+W37+Y37+AA37+AC37+AE37+AG37+AI37+AK37+AM37+AO37 -> 500 | AT37: 2.03 | AU37: Alquiler de oficina (todo costo)
A38: Permiso Indeci | B38: 2000 | C38: una vez | D38: 1 | E38: =+D38*$B38 -> 2000 | F38: 0 | G38: =+F38*$B38 -> 0 | H38: 0 | I38: =+H38*$B38 -> 0 | J38: 0 | K38: =+J38*$B38 -> 0 | L38: 0 | M38: =+L38*$B38 -> 0 | N38: 0 | O38: =+N38*$B38 -> 0 | P38: 0 | Q38: =+P38*$B38 -> 0 | R38: 0 | S38: =+R38*$B38 -> 0 | T38: 0 | U38: =+T38*$B38 -> 0 | V38: 0 | W38: =+V38*$B38 -> 0 | X38: 0 | Y38: =+X38*$B38 -> 0 | Z38: 0 | AA38: =+Z38*$B38 -> 0 | AB38: 0 | AC38: =+AB38*$B38 -> 0 | AD38: 0 | AE38: =+AD38*$B38 -> 0 | AF38: 0 | AG38: =+AF38*$B38 -> 0 | AH38: 0 | AI38: =+AH38*$B38 -> 0 | AJ38: 0 | AK38: =+AJ38*$B38 -> 0 | AL38: 0 | AM38: =+AL38*$B38 -> 0 | AN38: 0 | AO38: =+AN38*$B38 -> 0 | AP38: =+F38+H38+J38+L38+N38+P38+R38+T38+V38+X38+Z38+AB38+D38+AD38+AF38+AH38+AJ38+AL38+AN38 -> 1 | AS38: =E38+G38+I38+K38+M38+O38+Q38+S38+U38+W38+Y38+AA38+AC38+AE38+AG38+AI38+AK38+AM38+AO38 -> 2000 | AT38: 2.03 | AU38: Alquiler de oficina (todo costo)
A39: Alarma (instalación) | B39: 400 | C39: una vez | D39: 1 | E39: =+D39*$B39 -> 400 | F39: 0 | G39: =+F39*$B39 -> 0 | H39: 0 | I39: =+H39*$B39 -> 0 | J39: 0 | K39: =+J39*$B39 -> 0 | L39: 0 | M39: =+L39*$B39 -> 0 | N39: 0 | O39: =+N39*$B39 -> 0 | P39: 0 | Q39: =+P39*$B39 -> 0 | R39: 0 | S39: =+R39*$B39 -> 0 | T39: 0 | U39: =+T39*$B39 -> 0 | V39: 0 | W39: =+V39*$B39 -> 0 | X39: 0 | Y39: =+X39*$B39 -> 0 | Z39: 0 | AA39: =+Z39*$B39 -> 0 | AB39: 0 | AC39: =+AB39*$B39 -> 0 | AD39: 0 | AE39: =+AD39*$B39 -> 0 | AF39: 0 | AG39: =+AF39*$B39 -> 0 | AH39: 0 | AI39: =+AH39*$B39 -> 0 | AJ39: 0 | AK39: =+AJ39*$B39 -> 0 | AL39: 0 | AM39: =+AL39*$B39 -> 0 | AN39: 0 | AO39: =+AN39*$B39 -> 0 | AP39: =+F39+H39+J39+L39+N39+P39+R39+T39+V39+X39+Z39+AB39+D39+AD39+AF39+AH39+AJ39+AL39+AN39 -> 1 | AS39: =E39+G39+I39+K39+M39+O39+Q39+S39+U39+W39+Y39+AA39+AC39+AE39+AG39+AI39+AK39+AM39+AO39 -> 400 | AT39: 2.03 | AU39: Alquiler de oficina (todo costo)
A40: Alarma mensualidad | B40: 200 | C40: por mes | D40: 0 | E40: =+D40*$B40 -> 0 | F40: 1 | G40: =+F40*$B40 -> 200 | H40: 1 | I40: =+H40*$B40 -> 200 | J40: 1 | K40: =+J40*$B40 -> 200 | L40: 1 | M40: =+L40*$B40 -> 200 | N40: 1 | O40: =+N40*$B40 -> 200 | P40: 1 | Q40: =+P40*$B40 -> 200 | R40: 1 | S40: =+R40*$B40 -> 200 | T40: 1 | U40: =+T40*$B40 -> 200 | V40: 1 | W40: =+V40*$B40 -> 200 | X40: 1 | Y40: =+X40*$B40 -> 200 | Z40: 1 | AA40: =+Z40*$B40 -> 200 | AB40: 1 | AC40: =+AB40*$B40 -> 200 | AD40: 1 | AE40: =+AD40*$B40 -> 200 | AF40: 1 | AG40: =+AF40*$B40 -> 200 | AH40: 1 | AI40: =+AH40*$B40 -> 200 | AJ40: 1 | AK40: =+AJ40*$B40 -> 200 | AL40: 1 | AM40: =+AL40*$B40 -> 200 | AN40: 1 | AO40: =+AN40*$B40 -> 200 | AP40: =+F40+H40+J40+L40+N40+P40+R40+T40+V40+X40+Z40+AB40+D40+AD40+AF40+AH40+AJ40+AL40+AN40 -> 18 | AS40: =E40+G40+I40+K40+M40+O40+Q40+S40+U40+W40+Y40+AA40+AC40+AE40+AG40+AI40+AK40+AM40+AO40 -> 3600 | AT40: 2.03 | AU40: Alquiler de oficina (todo costo)
A41: Señalética | B41: 200 | C41: una vez | D41: 1 | E41: =+D41*$B41 -> 200 | F41: 0 | G41: =+F41*$B41 -> 0 | H41: 0 | I41: =+H41*$B41 -> 0 | J41: 0 | K41: =+J41*$B41 -> 0 | L41: 0 | M41: =+L41*$B41 -> 0 | N41: 0 | O41: =+N41*$B41 -> 0 | P41: 0 | Q41: =+P41*$B41 -> 0 | R41: 0 | S41: =+R41*$B41 -> 0 | T41: 0 | U41: =+T41*$B41 -> 0 | V41: 0 | W41: =+V41*$B41 -> 0 | X41: 0 | Y41: =+X41*$B41 -> 0 | Z41: 0 | AA41: =+Z41*$B41 -> 0 | AB41: 0 | AC41: =+AB41*$B41 -> 0 | AD41: 0 | AE41: =+AD41*$B41 -> 0 | AF41: 0 | AG41: =+AF41*$B41 -> 0 | AH41: 0 | AI41: =+AH41*$B41 -> 0 | AJ41: 0 | AK41: =+AJ41*$B41 -> 0 | AL41: 0 | AM41: =+AL41*$B41 -> 0 | AN41: 0 | AO41: =+AN41*$B41 -> 0 | AP41: =+F41+H41+J41+L41+N41+P41+R41+T41+V41+X41+Z41+AB41+D41+AD41+AF41+AH41+AJ41+AL41+AN41 -> 1 | AS41: =E41+G41+I41+K41+M41+O41+Q41+S41+U41+W41+Y41+AA41+AC41+AE41+AG41+AI41+AK41+AM41+AO41 -> 200 | AT41: 2.03 | AU41: Alquiler de oficina (todo costo)
... A57: Bolsas de plastico para tachos de basura | B57: 30 | C57: por mes | D57: 0 | E57: =+D57*$B57 -> 0 | F57: 1 | G57: =+F57*$B57 -> 30 | H57: 1 | I57: =+H57*$B57 -> 30 | J57: 1 | K57: =+J57*$B57 -> 30 | L57: 1 | M57: =+L57*$B57 -> 30 | N57: 1 | O57: =+N57*$B57 -> 30 | P57: 1 | Q57: =+P57*$B57 -> 30 | R57: 1 | S57: =+R57*$B57 -> 30 | T57: 1 | U57: =+T57*$B57 -> 30 | V57: 1 | W57: =+V57*$B57 -> 30 | X57: 1 | Y57: =+X57*$B57 -> 30 | Z57: 1 | AA57: =+Z57*$B57 -> 30 | AB57: 1 | AC57: =+AB57*$B57 -> 30 | AD57: 1 | AE57: =+AD57*$B57 -> 30 | AF57: 1 | AG57: =+AF57*$B57 -> 30 | AH57: 1 | AI57: =+AH57*$B57 -> 30 | AJ57: 1 | AK57: =+AJ57*$B57 -> 30 | AL57: 1 | AM57: =+AL57*$B57 -> 30 | AN57: 1 | AO57: =+AN57*$B57 -> 30 | AP57: =+F57+H57+J57+L57+N57+P57+R57+T57+V57+X57+Z57+AB57+D57+AD57+AF57+AH57+AJ57+AL57+AN57 -> 18 | AS57: =E57+G57+I57+K57+M57+O57+Q57+S57+U57+W57+Y57+AA57+AC57+AE57+AG57+AI57+AK57+AM57+AO57 -> 540 | AT57: 2.03 | AU57: Alquiler de oficina (todo costo)
A58: Dispensador de jabon líquido | B58: 25 | C58: una vez | D58: 1 | E58: =+D58*$B58 -> 25 | F58: 0 | G58: =+F58*$B58 -> 0 | H58: 0 | I58: =+H58*$B58 -> 0 | J58: 0 | K58: =+J58*$B58 -> 0 | L58: 0 | M58: =+L58*$B58 -> 0 | N58: 0 | O58: =+N58*$B58 -> 0 | P58: 0 | Q58: =+P58*$B58 -> 0 | R58: 0 | S58: =+R58*$B58 -> 0 | T58: 0 | U58: =+T58*$B58 -> 0 | V58: 0 | W58: =+V58*$B58 -> 0 | X58: 0 | Y58: =+X58*$B58 -> 0 | Z58: 0 | AA58: =+Z58*$B58 -> 0 | AC58: =+AB58*$B58 -> 0 | AE58: =+AD58*$B58 -> 0 | AG58: =+AF58*$B58 -> 0 | AI58: =+AH58*$B58 -> 0 | AK58: =+AJ58*$B58 -> 0 | AM58: =+AL58*$B58 -> 0 | AO58: =+AN58*$B58 -> 0 | AP58: =+F58+H58+J58+L58+N58+P58+R58+T58+V58+X58+Z58+AB58+D58+AD58+AF58+AH58+AJ58+AL58+AN58 -> 1 | AS58: =E58+G58+I58+K58+M58+O58+Q58+S58+U58+W58+Y58+AA58+AC58+AE58+AG58+AI58+AK58+AM58+AO58 -> 25 | AT58: 2.03 | AU58: Alquiler de oficina (todo costo)
A59: Dispensador de papel para secar manos ( baños y cocina ) | B59: 125 | C59: una vez | D59: 1 | E59: =+D59*$B59 -> 125 | F59: 0 | G59: =+F59*$B59 -> 0 | H59: 0 | I59: =+H59*$B59 -> 0 | J59: 0 | K59: =+J59*$B59 -> 0 | L59: 0 | M59: =+L59*$B59 -> 0 | N59: 0 | O59: =+N59*$B59 -> 0 | P59: 0 | Q59: =+P59*$B59 -> 0 | R59: 0 | S59: =+R59*$B59 -> 0 | T59: 0 | U59: =+T59*$B59 -> 0 | V59: 0 | W59: =+V59*$B59 -> 0 | X59: 0 | Y59: =+X59*$B59 -> 0 | Z59: 0 | AA59: =+Z59*$B59 -> 0 | AC59: =+AB59*$B59 -> 0 | AE59: =+AD59*$B59 -> 0 | AG59: =+AF59*$B59 -> 0 | AI59: =+AH59*$B59 -> 0 | AK59: =+AJ59*$B59 -> 0 | AM59: =+AL59*$B59 -> 0 | AO59: =+AN59*$B59 -> 0 | AP59: =+F59+H59+J59+L59+N59+P59+R59+T59+V59+X59+Z59+AB59+D59+AD59+AF59+AH59+AJ59+AL59+AN59 -> 1 | AS59: =E59+G59+I59+K59+M59+O59+Q59+S59+U59+W59+Y59+AA59+AC59+AE59+AG59+AI59+AK59+AM59+AO59 -> 125 | AT59: 2.03 | AU59: Alquiler de oficina (todo costo)
A60: Papel higiénico | B60: 30 | C60: por mes | D60: 0 | E60: =+D60*$B60 -> 0 | F60: 1 | G60: =+F60*$B60 -> 30 | H60: 1 | I60: =+H60*$B60 -> 30 | J60: 1 | K60: =+J60*$B60 -> 30 | L60: 1 | M60: =+L60*$B60 -> 30 | N60: 1 | O60: =+N60*$B60 -> 30 | P60: 1 | Q60: =+P60*$B60 -> 30 | R60: 1 | S60: =+R60*$B60 -> 30 | T60: 1 | U60: =+T60*$B60 -> 30 | V60: 1 | W60: =+V60*$B60 -> 30 | X60: 1 | Y60: =+X60*$B60 -> 30 | Z60: 1 | AA60: =+Z60*$B60 -> 30 | AB60: 1 | AC60: =+AB60*$B60 -> 30 | AD60: 1 | AE60: =+AD60*$B60 -> 30 | AF60: 1 | AG60: =+AF60*$B60 -> 30 | AH60: 1 | AI60: =+AH60*$B60 -> 30 | AJ60: 1 | AK60: =+AJ60*$B60 -> 30 | AL60: 1 | AM60: =+AL60*$B60 -> 30 | AN60: 1 | AO60: =+AN60*$B60 -> 30 | AP60: =+F60+H60+J60+L60+N60+P60+R60+T60+V60+X60+Z60+AB60+D60+AD60+AF60+AH60+AJ60+AL60+AN60 -> 18 | AS60: =E60+G60+I60+K60+M60+O60+Q60+S60+U60+W60+Y60+AA60+AC60+AE60+AG60+AI60+AK60+AM60+AO60 -> 540 | AT60: 2.03 | AU60: Alquiler de oficina (todo costo)
A61: Porta papel higienico | B61: 45 | C61: una vez | D61: 1 | E61: =+D61*$B61 -> 45 | F61: 0 | G61: =+F61*$B61 -> 0 | H61: 0 | I61: =+H61*$B61 -> 0 | J61: 0 | K61: =+J61*$B61 -> 0 | L61: 0 | M61: =+L61*$B61 -> 0 | N61: 0 | O61: =+N61*$B61 -> 0 | P61: 0 | Q61: =+P61*$B61 -> 0 | R61: 0 | S61: =+R61*$B61 -> 0 | T61: 0 | U61: =+T61*$B61 -> 0 | V61: 0 | W61: =+V61*$B61 -> 0 | X61: 0 | Y61: =+X61*$B61 -> 0 | Z61: 0 | AA61: =+Z61*$B61 -> 0 | AB61: 0 | AC61: =+AB61*$B61 -> 0 | AD61: 0 | AE61: =+AD61*$B61 -> 0 | AF61: 0 | AG61: =+AF61*$B61 -> 0 | AH61: 0 | AI61: =+AH61*$B61 -> 0 | AJ61: 0 | AK61: =+AJ61*$B61 -> 0 | AL61: 0 | AM61: =+AL61*$B61 -> 0 | AN61: 0 | AO61: =+AN61*$B61 -> 0 | AP61: =+F61+H61+J61+L61+N61+P61+R61+T61+V61+X61+Z61+AB61+D61+AD61+AF61+AH61+AJ61+AL61+AN61 -> 1 | AS61: =E61+G61+I61+K61+M61+O61+Q61+S61+U61+W61+Y61+AA61+AC61+AE61+AG61+AI61+AK61+AM61+AO61 -> 45 | AT61: 2.03 | AU61: Alquiler de oficina (todo costo)
A62: Escritorio | B62: 250 | C62: una vez | D62: 4 | E62: =+D62*$B62 -> 1000 | F62: 0 | G62: =+F62*$B62 -> 0 | H62: 0 | I62: =+H62*$B62 -> 0 | J62: 0 | K62: =+J62*$B62 -> 0 | L62: 0 | M62: =+L62*$B62 -> 0 | O62: =+N62*$B62 -> 0 | P62: 0 | Q62: =+P62*$B62 -> 0 | R62: 0 | S62: =+R62*$B62 -> 0 | T62: 0 | U62: =+T62*$B62 -> 0 | V62: 0 | W62: =+V62*$B62 -> 0 | X62: 0 | Y62: =+X62*$B62 -> 0 | Z62: 0 | AA62: =+Z62*$B62 -> 0 | AB62: 0 | AC62: =+AB62*$B62 -> 0 | AD62: 0 | AE62: =+AD62*$B62 -> 0 | AF62: 0 | AG62: =+AF62*$B62 -> 0 | AH62: 0 | AI62: =+AH62*$B62 -> 0 | AJ62: 0 | AK62: =+AJ62*$B62 -> 0 | AL62: 0 | AM62: =+AL62*$B62 -> 0 | AN62: 0 | AO62: =+AN62*$B62 -> 0 | AP62: =+F62+H62+J62+L62+N62+P62+R62+T62+V62+X62+Z62+AB62+D62+AD62+AF62+AH62+AJ62+AL62+AN62 -> 4 | AS62: =E62+G62+I62+K62+M62+O62+Q62+S62+U62+W62+Y62+AA62+AC62+AE62+AG62+AI62+AK62+AM62+AO62 -> 1000 | AT62: 2.03 | AU62: Alquiler de oficina (todo costo)
A63: Sillas ergonómicas | B63: 150 | C63: una vez | D63: 4 | E63: =+D63*$B63 -> 600 | F63: 0 | G63: =+F63*$B63 -> 0 | H63: 0 | I63: =+H63*$B63 -> 0 | J63: 0 | K63: =+J63*$B63 -> 0 | L63: 0 | M63: =+L63*$B63 -> 0 | O63: =+N63*$B63 -> 0 | P63: 0 | Q63: =+P63*$B63 -> 0 | R63: 0 | S63: =+R63*$B63 -> 0 | T63: 0 | U63: =+T63*$B63 -> 0 | V63: 0 | W63: =+V63*$B63 -> 0 | X63: 0 | Y63: =+X63*$B63 -> 0 | Z63: 0 | AA63: =+Z63*$B63 -> 0 | AB63: 0 | AC63: =+AB63*$B63 -> 0 | AD63: 0 | AE63: =+AD63*$B63 -> 0 | AF63: 0 | AG63: =+AF63*$B63 -> 0 | AH63: 0 | AI63: =+AH63*$B63 -> 0 | AJ63: 0 | AK63: =+AJ63*$B63 -> 0 | AL63: 0 | AM63: =+AL63*$B63 -> 0 | AN63: 0 | AO63: =+AN63*$B63 -> 0 | AP63: =+F63+H63+J63+L63+N63+P63+R63+T63+V63+X63+Z63+AB63+D63+AD63+AF63+AH63+AJ63+AL63+AN63 -> 4 | AS63: =E63+G63+I63+K63+M63+O63+Q63+S63+U63+W63+Y63+AA63+AC63+AE63+AG63+AI63+AK63+AM63+AO63 -> 600 | AT63: 2.03 | AU63: Alquiler de oficina (todo costo)
A64: Sillas plásticas | B64: 30 | C64: una vez | D64: 12 | E64: =+D64*$B64 -> 360 | F64: 0 | G64: =+F64*$B64 -> 0 | H64: 0 | I64: =+H64*$B64 -> 0 | J64: 0 | K64: =+J64*$B64 -> 0 | L64: 0 | M64: =+L64*$B64 -> 0 | O64: =+N64*$B64 -> 0 | P64: 0 | Q64: =+P64*$B64 -> 0 | R64: 0 | S64: =+R64*$B64 -> 0 | T64: 0 | U64: =+T64*$B64 -> 0 | V64: 0 | W64: =+V64*$B64 -> 0 | X64: 0 | Y64: =+X64*$B64 -> 0 | Z64: 0 | AA64: =+Z64*$B64 -> 0 | AB64: 0 | AC64: =+AB64*$B64 -> 0 | AD64: 0 | AE64: =+AD64*$B64 -> 0 | AF64: 0 | AG64: =+AF64*$B64 -> 0 | AH64: 0 | AI64: =+AH64*$B64 -> 0 | AJ64: 0 | AK64: =+AJ64*$B64 -> 0 | AL64: 0 | AM64: =+AL64*$B64 -> 0 | AN64: 0 | AO64: =+AN64*$B64 -> 0 | AP64: =+F64+H64+J64+L64+N64+P64+R64+T64+V64+X64+Z64+AB64+D64+AD64+AF64+AH64+AJ64+AL64+AN64 -> 12 | AS64: =E64+G64+I64+K64+M64+O64+Q64+S64+U64+W64+Y64+AA64+AC64+AE64+AG64+AI64+AK64+AM64+AO64 -> 360 | AT64: 2.03 | AU64: Alquiler de oficina (todo costo)
A65: Mesa de trabajo | B65: 400 | C65: una vez | D65: 1 | E65: =+D65*$B65 -> 400 | F65: 0 | G65: =+F65*$B65 -> 0 | H65: 0 | I65: =+H65*$B65 -> 0 | J65: 0 | K65: =+J65*$B65 -> 0 | L65: 0 | M65: =+L65*$B65 -> 0 | O65: =+N65*$B65 -> 0 | P65: 0 | Q65: =+P65*$B65 -> 0 | R65: 0 | S65: =+R65*$B65 -> 0 | T65: 0 | U65: =+T65*$B65 -> 0 | V65: 0 | W65: =+V65*$B65 -> 0 | X65: 0 | Y65: =+X65*$B65 -> 0 | Z65: 0 | AA65: =+Z65*$B65 -> 0 | AB65: 0 | AC65: =+AB65*$B65 -> 0 | AD65: 0 | AE65: =+AD65*$B65 -> 0 | AF65: 0 | AG65: =+AF65*$B65 -> 0 | AH65: 0 | AI65: =+AH65*$B65 -> 0 | AJ65: 0 | AK65: =+AJ65*$B65 -> 0 | AL65: 0 | AM65: =+AL65*$B65 -> 0 | AN65: 0 | AO65: =+AN65*$B65 -> 0 | AP65: =+F65+H65+J65+L65+N65+P65+R65+T65+V65+X65+Z65+AB65+D65+AD65+AF65+AH65+AJ65+AL65+AN65 -> 1 | AS65: =E65+G65+I65+K65+M65+O65+Q65+S65+U65+W65+Y65+AA65+AC65+AE65+AG65+AI65+AK65+AM65+AO65 -> 400 | AT65: 2.03 | AU65: Alquiler de oficina (todo costo)
AS66: =SUM(AS30:AS65) -> 71969 | AT66: Total 2.03 | AW66: =SUBTOTAL(9,AW30:AW65) -> 0
A67: Alquiler de camioneta | B67: 325 | C67: por día | D67: 0 | E67: =+D67*$B67 -> 0 | F67: 20 | G67: =(+F67*$B67) -> 6500 | H67: 20 | I67: =(+H67*$B67) -> 6500 | J67: 20 | K67: =(+J67*$B67) -> 6500 | L67: 20 | M67: =(+L67*$B67) -> 6500 | N67: 20 | O67: =(+N67*$B67) -> 6500 | P67: 20 | Q67: =(+P67*$B67) -> 6500 | R67: 20 | S67: =(+R67*$B67) -> 6500 | T67: 20 | U67: =(+T67*$B67) -> 6500 | V67: 20 | W67: =(+V67*$B67) -> 6500 | X67: 20 | Y67: =(+X67*$B67) -> 6500 | Z67: 20 | AA67: =(+Z67*$B67) -> 6500 | AB67: 20 | AC67: =(+AB67*$B67) -> 6500 | AD67: 20 | AE67: =(+AD67*$B67) -> 6500 | AF67: 20 | AG67: =(+AF67*$B67) -> 6500 | AH67: 20 | AI67: =(+AH67*$B67) -> 6500 | AJ67: 20 | AK67: =(+AJ67*$B67) -> 6500 | AL67: 20 | AM67: =(+AL67*$B67) -> 6500 | AN67: 20 | AO67: =(+AN67*$B67) -> 6500 | AP67: =+F67+H67+J67+L67+N67+P67+R67+T67+V67+X67+Z67+AB67+D67+AD67+AF67+AH67+AJ67+AL67+AN67 -> 360 | AS67: =E67+G67+I67+K67+M67+O67+Q67+S67+U67+W67+Y67+AA67+AC67+AE67+AG67+AI67+AK67+AM67+AO67 -> 117000 | AT67: 2.04 | AU67: Movilidad, combustible, repuestos, no incluye chofer (personal será chofer)
A68: Combustible | B68: 100 | C68: por día | D68: 0 | E68: =+D68*$B68 -> 0 | F68: 20 | G68: =+(F68*$B68) -> 2000 | H68: 20 | I68: =+(H68*$B68) -> 2000 | J68: 20 | K68: =+(J68*$B68) -> 2000 | L68: 20 | M68: =+(L68*$B68) -> 2000 | N68: 20 | O68: =+(N68*$B68) -> 2000 | P68: 20 | Q68: =+(P68*$B68) -> 2000 | R68: 20 | S68: =+(R68*$B68) -> 2000 | T68: 20 | U68: =+(T68*$B68) -> 2000 | V68: 20 | W68: =+(V68*$B68) -> 2000 | X68: 20 | Y68: =+(X68*$B68) -> 2000 | Z68: 20 | AA68: =+(Z68*$B68) -> 2000 | AB68: 20 | AC68: =+(AB68*$B68) -> 2000 | AD68: 20 | AE68: =+(AD68*$B68) -> 2000 | AF68: 20 | AG68: =+(AF68*$B68) -> 2000 | AH68: 20 | AI68: =+(AH68*$B68) -> 2000 | AJ68: 20 | AK68: =+(AJ68*$B68) -> 2000 | AL68: 20 | AM68: =+(AL68*$B68) -> 2000 | AN68: 20 | AO68: =+(AN68*$B68) -> 2000 | AP68: =+F68+H68+J68+L68+N68+P68+R68+T68+V68+X68+Z68+AB68+D68+AD68+AF68+AH68+AJ68+AL68+AN68 -> 360 | AS68: =E68+G68+I68+K68+M68+O68+Q68+S68+U68+W68+Y68+AA68+AC68+AE68+AG68+AI68+AK68+AM68+AO68 -> 36000 | AT68: 2.04 | AU68: Movilidad, combustible, repuestos, no incluye chofer (personal será chofer)
AS69: =+AS67+AS68 -> 153000 | AT69: Total 2.04 | AW69: =SUBTOTAL(9,AW67:AW68) -> 0
A70: Utiles de oficina | B70: 700 | C70: semestre | D70: 0 | E70: =+D70*$B70 -> 0 | F70: 1 | G70: =+F70*$B70 -> 700 | H70: 0 | I70: =+H70*$B70 -> 0 | J70: 0 | K70: =+J70*$B70 -> 0 | L70: 0 | M70: =+L70*$B70 -> 0 | N70: 0 | O70: =+N70*$B70 -> 0 | P70: 1 | Q70: =+P70*$B70 -> 700 | R70: 0 | S70: =+R70*$B70 -> 0 | T70: 0 | U70: =+T70*$B70 -> 0 | V70: 0 | W70: =+V70*$B70 -> 0 | X70: 0 | Y70: =+X70*$B70 -> 0 | Z70: 0 | AA70: =+Z70*$B70 -> 0 | AB70: 1 | AC70: =+AB70*$B70 -> 700 | AD70: 0 | AE70: =+AD70*$B70 -> 0 | AF70: 0 | AG70: =+AF70*$B70 -> 0 | AH70: 0 | AI70: =+AH70*$B70 -> 0 | AJ70: 0 | AK70: =+AJ70*$B70 -> 0 | AL70: 0 | AM70: =+AL70*$B70 -> 0 | AN70: 0 | AO70: =+AN70*$B70 -> 0 | AP70: =+F70+H70+J70+L70+N70+P70+R70+T70+V70+X70+Z70+AB70+D70+AD70+AF70+AH70+AJ70+AL70+AN70 -> 3 | AS70: =E70+G70+I70+K70+M70+O70+Q70+S70+U70+W70+Y70+AA70+AC70+AE70+AG70+AI70+AK70+AM70+AO70 -> 2100 | AT70: 2.06 | AU70: Insumos varios, impresiones, informes
A71: Actas de reunión x 2000 | B71: 560 | C71: por mes | D71: 0 | E71: =+D71*$B71 -> 0 | F71: 1 | G71: =+F71*$B71 -> 560 | H71: 1 | I71: =+H71*$B71 -> 560 | J71: 1 | K71: =+J71*$B71 -> 560 | L71: 1 | M71: =+L71*$B71 -> 560 | N71: 1 | O71: =+N71*$B71 -> 560 | P71: 1 | Q71: =+P71*$B71 -> 560 | R71: 1 | S71: =+R71*$B71 -> 560 | T71: 1 | U71: =+T71*$B71 -> 560 | V71: 1 | W71: =+V71*$B71 -> 560 | X71: 1 | Y71: =+X71*$B71 -> 560 | Z71: 1 | AA71: =+Z71*$B71 -> 560 | AB71: 1 | AC71: =+AB71*$B71 -> 560 | AD71: 1 | AE71: =+AD71*$B71 -> 560 | AF71: 1 | AG71: =+AF71*$B71 -> 560 | AH71: 1 | AI71: =+AH71*$B71 -> 560 | AJ71: 1 | AK71: =+AJ71*$B71 -> 560 | AL71: 1 | AM71: =+AL71*$B71 -> 560 | AN71: 1 | AO71: =+AN71*$B71 -> 560 | AP71: =+F71+H71+J71+L71+N71+P71+R71+T71+V71+X71+Z71+AB71+D71+AD71+AF71+AH71+AJ71+AL71+AN71 -> 18 | AS71: =E71+G71+I71+K71+M71+O71+Q71+S71+U71+W71+Y71+AA71+AC71+AE71+AG71+AI71+AK71+AM71+AO71 -> 10080 | AT71: 2.06 | AU71: Insumos varios, impresiones, informes
A72: Actas de quejas x 500 | B72: 200 | C72: por mes | D72: 0 | E72: =+D72*$B72 -> 0 | F72: 2 | G72: =+F72*$B72 -> 400 | H72: 2 | I72: =+H72*$B72 -> 400 | J72: 2 | K72: =+J72*$B72 -> 400 | L72: 2 | M72: =+L72*$B72 -> 400 | N72: 2 | O72: =+N72*$B72 -> 400 | P72: 2 | Q72: =+P72*$B72 -> 400 | R72: 2 | S72: =+R72*$B72 -> 400 | T72: 2 | U72: =+T72*$B72 -> 400 | V72: 2 | W72: =+V72*$B72 -> 400 | X72: 2 | Y72: =+X72*$B72 -> 400 | Z72: 2 | AA72: =+Z72*$B72 -> 400 | AB72: 2 | AC72: =+AB72*$B72 -> 400 | AD72: 2 | AE72: =+AD72*$B72 -> 400 | AF72: 2 | AG72: =+AF72*$B72 -> 400 | AH72: 2 | AI72: =+AH72*$B72 -> 400 | AJ72: 2 | AK72: =+AJ72*$B72 -> 400 | AL72: 2 | AM72: =+AL72*$B72 -> 400 | AN72: 2 | AO72: =+AN72*$B72 -> 400 | AP72: =+F72+H72+J72+L72+N72+P72+R72+T72+V72+X72+Z72+AB72+D72+AD72+AF72+AH72+AJ72+AL72+AN72 -> 36 | AS72: =E72+G72+I72+K72+M72+O72+Q72+S72+U72+W72+Y72+AA72+AC72+AE72+AG72+AI72+AK72+AM72+AO72 -> 7200 | AT72: 2.06 | AU72: Insumos varios, impresiones, informes
A73: Gigantografía / Banner informativo (incluye parante) | B73: 350 | C73: una vez | D73: 1 | E73: =+D73*$B73 -> 350 | F73: 0 | G73: =+F73*$B73 -> 0 | H73: 0 | I73: =+H73*$B73 -> 0 | J73: 0 | K73: =+J73*$B73 -> 0 | L73: 0 | M73: =+L73*$B73 -> 0 | N73: 0 | O73: =+N73*$B73 -> 0 | P73: 0 | Q73: =+P73*$B73 -> 0 | R73: 0 | S73: =+R73*$B73 -> 0 | T73: 0 | U73: =+T73*$B73 -> 0 | V73: 0 | W73: =+V73*$B73 -> 0 | X73: 0 | Y73: =+X73*$B73 -> 0 | Z73: 0 | AA73: =+Z73*$B73 -> 0 | AB73: 0 | AC73: =+AB73*$B73 -> 0 | AD73: 0 | AE73: =+AD73*$B73 -> 0 | AF73: 0 | AG73: =+AF73*$B73 -> 0 | AH73: 0 | AI73: =+AH73*$B73 -> 0 | AJ73: 0 | AK73: =+AJ73*$B73 -> 0 | AL73: 0 | AM73: =+AL73*$B73 -> 0 | AN73: 0 | AO73: =+AN73*$B73 -> 0 | AP73: =+F73+H73+J73+L73+N73+P73+R73+T73+V73+X73+Z73+AB73+D73+AD73+AF73+AH73+AJ73+AL73+AN73 -> 1 | AS73: =E73+G73+I73+K73+M73+O73+Q73+S73+U73+W73+Y73+AA73+AC73+AE73+AG73+AI73+AK73+AM73+AO73 -> 350 | AT73: 2.06 | AU73: Insumos varios, impresiones, informes
A74: Buzón Quejas | B74: 200 | C74: una vez | D74: 1 | E74: =+D74*$B74 -> 200 | F74: 0 | G74: =+F74*$B74 -> 0 | H74: 0 | I74: =+H74*$B74 -> 0 | J74: 0 | K74: =+J74*$B74 -> 0 | L74: 0 | M74: =+L74*$B74 -> 0 | N74: 0 | O74: =+N74*$B74 -> 0 | P74: 0 | Q74: =+P74*$B74 -> 0 | R74: 0 | S74: =+R74*$B74 -> 0 | T74: 0 | U74: =+T74*$B74 -> 0 | V74: 0 | W74: =+V74*$B74 -> 0 | X74: 0 | Y74: =+X74*$B74 -> 0 | Z74: 0 | AA74: =+Z74*$B74 -> 0 | AB74: 0 | AC74: =+AB74*$B74 -> 0 | AD74: 0 | AE74: =+AD74*$B74 -> 0 | AF74: 0 | AG74: =+AF74*$B74 -> 0 | AH74: 0 | AI74: =+AH74*$B74 -> 0 | AJ74: 0 | AK74: =+AJ74*$B74 -> 0 | AL74: 0 | AM74: =+AL74*$B74 -> 0 | AN74: 0 | AO74: =+AN74*$B74 -> 0 | AP74: =+F74+H74+J74+L74+N74+P74+R74+T74+V74+X74+Z74+AB74+D74+AD74+AF74+AH74+AJ74+AL74+AN74 -> 1 | AS74: =E74+G74+I74+K74+M74+O74+Q74+S74+U74+W74+Y74+AA74+AC74+AE74+AG74+AI74+AK74+AM74+AO74 -> 200 | AT74: 2.06 | AU74: Insumos varios, impresiones, informes
A75: Trípticos x 1000 | B75: 850 | C75: trimestral | D75: 0 | E75: =+D75*$B75 -> 0 | F75: 1 | G75: =+F75*$B75 -> 850 | H75: 0 | I75: =+H75*$B75 -> 0 | J75: 0 | K75: =+J75*$B75 -> 0 | L75: 1 | M75: =+L75*$B75 -> 850 | N75: 0 | O75: =+N75*$B75 -> 0 | P75: 0 | Q75: =+P75*$B75 -> 0 | R75: 1 | S75: =+R75*$B75 -> 850 | T75: 0 | U75: =+T75*$B75 -> 0 | V75: 0 | W75: =+V75*$B75 -> 0 | X75: 1 | Y75: =+X75*$B75 -> 850 | Z75: 0 | AA75: =+Z75*$B75 -> 0 | AB75: 0 | AC75: =+AB75*$B75 -> 0 | AD75: 1 | AE75: =+AD75*$B75 -> 850 | AF75: 0 | AG75: =+AF75*$B75 -> 0 | AH75: 0 | AI75: =+AH75*$B75 -> 0 | AJ75: 1 | AK75: =+AJ75*$B75 -> 850 | AL75: 0 | AM75: =+AL75*$B75 -> 0 | AN75: 0 | AO75: =+AN75*$B75 -> 0 | AP75: =+F75+H75+J75+L75+N75+P75+R75+T75+V75+X75+Z75+AB75+D75+AD75+AF75+AH75+AJ75+AL75+AN75 -> 6 | AS75: =E75+G75+I75+K75+M75+O75+Q75+S75+U75+W75+Y75+AA75+AC75+AE75+AG75+AI75+AK75+AM75+AO75 -> 5100 | AT75: 2.06 | AU75: Insumos varios, impresiones, informes
A76: Spots radiales (perifoneo, elaboración de spot, difusión x radio, volantes y carta de preguntas) | B76: 3500 | C76: dos veces | D76: 0 | E76: =+D76*$B76 -> 0 | F76: 1 | G76: =+F76*$B76 -> 3500 | H76: 0 | I76: =+H76*$B76 -> 0 | J76: 0 | K76: =+J76*$B76 -> 0 | L76: 0 | M76: =+L76*$B76 -> 0 | N76: 0 | O76: =+N76*$B76 -> 0 | P76: 0 | Q76: =+P76*$B76 -> 0 | R76: 0 | S76: =+R76*$B76 -> 0 | T76: 0 | U76: =+T76*$B76 -> 0 | V76: 0 | W76: =+V76*$B76 -> 0 | X76: 0 | Y76: =+X76*$B76 -> 0 | Z76: 0 | AA76: =+Z76*$B76 -> 0 | AB76: 0 | AC76: =+AB76*$B76 -> 0 | AD76: 1 | AE76: =+AD76*$B76 -> 3500 | AF76: 0 | AG76: =+AF76*$B76 -> 0 | AH76: 0 | AI76: =+AH76*$B76 -> 0 | AJ76: 0 | AK76: =+AJ76*$B76 -> 0 | AL76: 0 | AM76: =+AL76*$B76 -> 0 | AN76: 0 | AO76: =+AN76*$B76 -> 0 | AP76: =+F76+H76+J76+L76+N76+P76+R76+T76+V76+X76+Z76+AB76+D76+AD76+AF76+AH76+AJ76+AL76+AN76 -> 2 | AS76: =E76+G76+I76+K76+M76+O76+Q76+S76+U76+W76+Y76+AA76+AC76+AE76+AG76+AI76+AK76+AM76+AO76 -> 7000 | AT76: 2.06 | AU76: Insumos varios, impresiones, informes
AS77: =SUM(AS70:AS76) -> 32030 | AT77: Total 2.06 | AW77: =SUBTOTAL(9,AW70:AW76) -> 0
A78: Dispensador de alcohol | B78: 15 | C78: una vez | D78: 1 | E78: =+D78*$B78 -> 15 | F78: 0 | G78: =+F78*$B78 -> 0 | H78: 0 | I78: =+H78*$B78 -> 0 | J78: 0 | K78: =+J78*$B78 -> 0 | L78: 0 | M78: =+L78*$B78 -> 0 | N78: 0 | O78: =+N78*$B78 -> 0 | P78: 0 | Q78: =+P78*$B78 -> 0 | R78: 0 | S78: =+R78*$B78 -> 0 | T78: 0 | U78: =+T78*$B78 -> 0 | V78: 0 | W78: =+V78*$B78 -> 0 | X78: 0 | Y78: =+X78*$B78 -> 0 | Z78: 0 | AA78: =+Z78*$B78 -> 0 | AB78: 0 | AC78: =+AB78*$B78 -> 0 | AD78: 0 | AE78: =+AD78*$B78 -> 0 | AF78: 0 | AG78: =+AF78*$B78 -> 0 | AH78: 0 | AI78: =+AH78*$B78 -> 0 | AJ78: 0 | AK78: =+AJ78*$B78 -> 0 | AL78: 0 | AM78: =+AL78*$B78 -> 0 | AN78: 0 | AO78: =+AN78*$B78 -> 0 | AP78: =+F78+H78+J78+L78+N78+P78+R78+T78+V78+X78+Z78+AB78+D78+AD78+AF78+AH78+AJ78+AL78+AN78 -> 1 | AS78: =E78+G78+I78+K78+M78+O78+Q78+S78+U78+W78+Y78+AA78+AC78+AE78+AG78+AI78+AK78+AM78+AO78 -> 15 | AT78: 2.07 | AU78: Gastos implementación medidas anti Covid
A79: Alcohol en gel x litro | B79: 10 | C79: por mes | D79: 0 | E79: =+D79*$B79 -> 0 | F79: 1 | G79: =+F79*$B79 -> 10 | H79: 1 | I79: =+H79*$B79 -> 10 | J79: 1 | K79: =+J79*$B79 -> 10 | L79: 1 | M79: =+L79*$B79 -> 10 | N79: 1 | O79: =+N79*$B79 -> 10 | P79: 1 | Q79: =+P79*$B79 -> 10 | R79: 1 | S79: =+R79*$B79 -> 10 | T79: 1 | U79: =+T79*$B79 -> 10 | V79: 1 | W79: =+V79*$B79 -> 10 | X79: 1 | Y79: =+X79*$B79 -> 10 | Z79: 1 | AA79: =+Z79*$B79 -> 10 | AB79: 1 | AC79: =+AB79*$B79 -> 10 | AD79: 1 | AE79: =+AD79*$B79 -> 10 | AF79: 1 | AG79: =+AF79*$B79 -> 10 | AH79: 1 | AI79: =+AH79*$B79 -> 10 | AJ79: 1 | AK79: =+AJ79*$B79 -> 10 | AL79: 1 | AM79: =+AL79*$B79 -> 10 | AN79: 1 | AO79: =+AN79*$B79 -> 10 | AP79: =+F79+H79+J79+L79+N79+P79+R79+T79+V79+X79+Z79+AB79+D79+AD79+AF79+AH79+AJ79+AL79+AN79 -> 18 | AS79: =E79+G79+I79+K79+M79+O79+Q79+S79+U79+W79+Y79+AA79+AC79+AE79+AG79+AI79+AK79+AM79+AO79 -> 180 | AT79: 2.07 | AU79: Gastos implementación medidas anti Covid
A80: Mascarillas KN95 (caja x 20 unidades) | B80: 40 | C80: por persona/mes | D80: 0 | E80: =+D80*$B80 -> 0 | F80: 1 | G80: =+(F80*$B80)*10 -> 400 | H80: 1 | I80: =+(H80*$B80)*10 -> 400 | J80: 1 | K80: =+(J80*$B80)*10 -> 400 | L80: 1 | M80: =+(L80*$B80)*10 -> 400 | N80: 1 | O80: =+(N80*$B80)*10 -> 400 | P80: 1 | Q80: =+(P80*$B80)*10 -> 400 | R80: 1 | S80: =+(R80*$B80)*10 -> 400 | T80: 1 | U80: =+(T80*$B80)*10 -> 400 | V80: 1 | W80: =+(V80*$B80)*10 -> 400 | X80: 1 | Y80: =+(X80*$B80)*10 -> 400 | Z80: 1 | AA80: =+(Z80*$B80)*10 -> 400 | AB80: 1 | AC80: =+(AB80*$B80)*10 -> 400 | AD80: 1 | AE80: =+(AD80*$B80)*10 -> 400 | AF80: 1 | AG80: =+(AF80*$B80)*10 -> 400 | AH80: 1 | AI80: =+(AH80*$B80)*10 -> 400 | AJ80: 1 | AK80: =+(AJ80*$B80)*10 -> 400 | AL80: 1 | AM80: =+(AL80*$B80)*10 -> 400 | AN80: 1 | AO80: =+(AN80*$B80)*10 -> 400 | AP80: =+F80+H80+J80+L80+N80+P80+R80+T80+V80+X80+Z80+AB80+D80+AD80+AF80+AH80+AJ80+AL80+AN80 -> 18 | AS80: =E80+G80+I80+K80+M80+O80+Q80+S80+U80+W80+Y80+AA80+AC80+AE80+AG80+AI80+AK80+AM80+AO80 -> 7200 | AT80: 2.07 | AU80: Gastos implementación medidas anti Covid
A81: Mascarillas quirurgicas (caja por 50 unidades) | B81: 25 | C81: por persona/mes | D81: 0 | E81: =+D81*$B81 -> 0 | F81: 1 | G81: =+(F81*$B81)*10 -> 250 | H81: 1 | I81: =+(H81*$B81)*10 -> 250 | J81: 1 | K81: =+(J81*$B81)*10 -> 250 | L81: 1 | M81: =+(L81*$B81)*10 -> 250 | N81: 1 | O81: =+(N81*$B81)*10 -> 250 | P81: 1 | Q81: =+(P81*$B81)*10 -> 250 | R81: 1 | S81: =+(R81*$B81)*10 -> 250 | T81: 1 | U81: =+(T81*$B81)*10 -> 250 | V81: 1 | W81: =+(V81*$B81)*10 -> 250 | X81: 1 | Y81: =+(X81*$B81)*10 -> 250 | Z81: 1 | AA81: =+(Z81*$B81)*10 -> 250 | AB81: 1 | AC81: =+(AB81*$B81)*10 -> 250 | AD81: 1 | AE81: =+(AD81*$B81)*10 -> 250 | AF81: 1 | AG81: =+(AF81*$B81)*10 -> 250 | AH81: 1 | AI81: =+(AH81*$B81)*10 -> 250 | AJ81: 1 | AK81: =+(AJ81*$B81)*10 -> 250 | AL81: 1 | AM81: =+(AL81*$B81)*10 -> 250 | AN81: 1 | AO81: =+(AN81*$B81)*10 -> 250 | AP81: =+F81+H81+J81+L81+N81+P81+R81+T81+V81+X81+Z81+AB81+D81+AD81+AF81+AH81+AJ81+AL81+AN81 -> 18 | AS81: =E81+G81+I81+K81+M81+O81+Q81+S81+U81+W81+Y81+AA81+AC81+AE81+AG81+AI81+AK81+AM81+AO81 -> 4500 | AT81: 2.07 | AU81: Gastos implementación medidas anti Covid
A82: Alcohol en gel (2 litros) | B82: 20 | C82: mensual | D82: 0 | E82: =+D82*$B82 -> 0 | F82: 1 | G82: =+F82*$B82 -> 20 | H82: 1 | I82: =+H82*$B82 -> 20 | J82: 1 | K82: =+J82*$B82 -> 20 | L82: 1 | M82: =+L82*$B82 -> 20 | N82: 1 | O82: =+N82*$B82 -> 20 | P82: 1 | Q82: =+P82*$B82 -> 20 | R82: 1 | S82: =+R82*$B82 -> 20 | T82: 1 | U82: =+T82*$B82 -> 20 | V82: 1 | W82: =+V82*$B82 -> 20 | X82: 1 | Y82: =+X82*$B82 -> 20 | Z82: 1 | AA82: =+Z82*$B82 -> 20 | AB82: 1 | AC82: =+AB82*$B82 -> 20 | AD82: 1 | AE82: =+AD82*$B82 -> 20 | AF82: 1 | AG82: =+AF82*$B82 -> 20 | AH82: 1 | AI82: =+AH82*$B82 -> 20 | AJ82: 1 | AK82: =+AJ82*$B82 -> 20 | AL82: 1 | AM82: =+AL82*$B82 -> 20 | AN82: 1 | AO82: =+AN82*$B82 -> 20 | AP82: =+F82+H82+J82+L82+N82+P82+R82+T82+V82+X82+Z82+AB82+D82+AD82+AF82+AH82+AJ82+AL82+AN82 -> 18 | AS82: =E82+G82+I82+K82+M82+O82+Q82+S82+U82+W82+Y82+AA82+AC82+AE82+AG82+AI82+AK82+AM82+AO82 -> 360 | AT82: 2.07 | AU82: Gastos implementación medidas anti Covid
A83: Dispensadores personales para alcohol en gel | B83: 5 | C83: por persona/una vez | D83: 6 | E83: =+D83*$B83 -> 30 | F83: 0 | G83: =+F83*$B83 -> 0 | H83: 0 | I83: =+H83*$B83 -> 0 | J83: 0 | K83: =+J83*$B83 -> 0 | L83: 0 | M83: =+L83*$B83 -> 0 | N83: 0 | O83: =+N83*$B83 -> 0 | P83: 0 | Q83: =+P83*$B83 -> 0 | R83: 0 | S83: =+R83*$B83 -> 0 | T83: 0 | U83: =+T83*$B83 -> 0 | V83: 0 | W83: =+V83*$B83 -> 0 | X83: 0 | Y83: =+X83*$B83 -> 0 | Z83: 0 | AA83: =+Z83*$B83 -> 0 | AB83: 0 | AC83: =+AB83*$B83 -> 0 | AD83: 0 | AE83: =+AD83*$B83 -> 0 | AF83: 0 | AG83: =+AF83*$B83 -> 0 | AH83: 0 | AI83: =+AH83*$B83 -> 0 | AJ83: 0 | AK83: =+AJ83*$B83 -> 0 | AL83: 0 | AM83: =+AL83*$B83 -> 0 | AN83: 0 | AO83: =+AN83*$B83 -> 0 | AP83: =+F83+H83+J83+L83+N83+P83+R83+T83+V83+X83+Z83+AB83+D83+AD83+AF83+AH83+AJ83+AL83+AN83 -> 6 | AS83: =E83+G83+I83+K83+M83+O83+Q83+S83+U83+W83+Y83+AA83+AC83+AE83+AG83+AI83+AK83+AM83+AO83 -> 30 | AT83: 2.07 | AU83: Gastos implementación medidas anti Covid
AS84: =SUM(AS78:AS83) -> 12285 | AT84: Total 2.07 | AW84: =SUBTOTAL(9,AW78:AW83) -> 0
A85: PC | B85: 4000 | C85: una vez | D85: 1 | E85: =+D85*$B85 -> 4000 | F85: 0 | G85: =+F85*$B85 -> 0 | H85: 0 | I85: =+H85*$B85 -> 0 | J85: 0 | K85: =+J85*$B85 -> 0 | L85: 0 | M85: =+L85*$B85 -> 0 | N85: 0 | O85: =+N85*$B85 -> 0 | P85: 0 | Q85: =+P85*$B85 -> 0 | R85: 0 | S85: =+R85*$B85 -> 0 | T85: 0 | U85: =+T85*$B85 -> 0 | V85: 0 | W85: =+V85*$B85 -> 0 | X85: 0 | Y85: =+X85*$B85 -> 0 | Z85: 0 | AA85: =+Z85*$B85 -> 0 | AB85: 0 | AC85: =+AB85*$B85 -> 0 | AD85: 0 | AE85: =+AD85*$B85 -> 0 | AF85: 0 | AG85: =+AF85*$B85 -> 0 | AH85: 0 | AI85: =+AH85*$B85 -> 0 | AJ85: 0 | AK85: =+AJ85*$B85 -> 0 | AL85: 0 | AM85: =+AL85*$B85 -> 0 | AN85: 0 | AO85: =+AN85*$B85 -> 0 | AP85: =+F85+H85+J85+L85+N85+P85+R85+T85+V85+X85+Z85+AB85+D85+AD85+AF85+AH85+AJ85+AL85+AN85 -> 1 | AS85: =E85+G85+I85+K85+M85+O85+Q85+S85+U85+W85+Y85+AA85+AC85+AE85+AG85+AI85+AK85+AM85+AO85 -> 4000 | AT85: 2.08 | AU85: Equipos de cómputo
A86: Laptop | B86: 4000 | C86: una vez | D86: 3 | E86: =+D86*$B86 -> 12000 | F86: 0 | G86: =+F86*$B86 -> 0 | H86: 0 | I86: =+H86*$B86 -> 0 | J86: 0 | K86: =+J86*$B86 -> 0 | L86: 0 | M86: =+L86*$B86 -> 0 | N86: 0 | O86: =+N86*$B86 -> 0 | P86: 0 | Q86: =+P86*$B86 -> 0 | R86: 0 | S86: =+R86*$B86 -> 0 | T86: 0 | U86: =+T86*$B86 -> 0 | V86: 0 | W86: =+V86*$B86 -> 0 | X86: 0 | Y86: =+X86*$B86 -> 0 | Z86: 0 | AA86: =+Z86*$B86 -> 0 | AB86: 0 | AC86: =+AB86*$B86 -> 0 | AD86: 0 | AE86: =+AD86*$B86 -> 0 | AF86: 0 | AG86: =+AF86*$B86 -> 0 | AH86: 0 | AI86: =+AH86*$B86 -> 0 | AJ86: 0 | AK86: =+AJ86*$B86 -> 0 | AL86: 0 | AM86: =+AL86*$B86 -> 0 | AN86: 0 | AO86: =+AN86*$B86 -> 0 | AP86: =+F86+H86+J86+L86+N86+P86+R86+T86+V86+X86+Z86+AB86+D86+AD86+AF86+AH86+AJ86+AL86+AN86 -> 3 | AS86: =E86+G86+I86+K86+M86+O86+Q86+S86+U86+W86+Y86+AA86+AC86+AE86+AG86+AI86+AK86+AM86+AO86 -> 12000 | AT86: 2.08 | AU86: Equipos de cómputo
A87: Impresora multifuncional | B87: 3000 | C87: una vez | D87: 1 | E87: =+D87*$B87 -> 3000 | F87: 0 | G87: =+F87*$B87 -> 0 | H87: 0 | I87: =+H87*$B87 -> 0 | J87: 0 | K87: =+J87*$B87 -> 0 | L87: 0 | M87: =+L87*$B87 -> 0 | N87: 0 | O87: =+N87*$B87 -> 0 | P87: 0 | Q87: =+P87*$B87 -> 0 | R87: 0 | S87: =+R87*$B87 -> 0 | T87: 0 | U87: =+T87*$B87 -> 0 | V87: 0 | W87: =+V87*$B87 -> 0 | X87: 0 | Y87: =+X87*$B87 -> 0 | Z87: 0 | AA87: =+Z87*$B87 -> 0 | AB87: 0 | AC87: =+AB87*$B87 -> 0 | AD87: 0 | AE87: =+AD87*$B87 -> 0 | AF87: 0 | AG87: =+AF87*$B87 -> 0 | AH87: 0 | AI87: =+AH87*$B87 -> 0 | AJ87: 0 | AK87: =+AJ87*$B87 -> 0 | AL87: 0 | AM87: =+AL87*$B87 -> 0 | AN87: 0 | AO87: =+AN87*$B87 -> 0 | AP87: =+F87+H87+J87+L87+N87+P87+R87+T87+V87+X87+Z87+AB87+D87+AD87+AF87+AH87+AJ87+AL87+AN87 -> 1 | AS87: =E87+G87+I87+K87+M87+O87+Q87+S87+U87+W87+Y87+AA87+AC87+AE87+AG87+AI87+AK87+AM87+AO87 -> 3000 | AT87: 2.08 | AU87: Equipos de cómputo
AS88: =SUM(AS85:AS87) -> 19000 | AT88: Total 2.08 | AW88: =SUBTOTAL(9,AW85:AW87) -> 0
A89: Proyectores de mínimo 5k de luminiscencia | B89: 6000 | C89: una vez | D89: 1 | E89: =+D89*$B89 -> 6000 | F89: 0 | G89: =+F89*$B89 -> 0 | H89: 0 | I89: =+H89*$B89 -> 0 | J89: 0 | K89: =+J89*$B89 -> 0 | L89: 0 | M89: =+L89*$B89 -> 0 | N89: 0 | O89: =+N89*$B89 -> 0 | P89: 0 | Q89: =+P89*$B89 -> 0 | R89: 0 | S89: =+R89*$B89 -> 0 | T89: 0 | U89: =+T89*$B89 -> 0 | V89: 0 | W89: =+V89*$B89 -> 0 | X89: 0 | Y89: =+X89*$B89 -> 0 | Z89: 0 | AA89: =+Z89*$B89 -> 0 | AB89: 0 | AC89: =+AB89*$B89 -> 0 | AD89: 0 | AE89: =+AD89*$B89 -> 0 | AF89: 0 | AG89: =+AF89*$B89 -> 0 | AH89: 0 | AI89: =+AH89*$B89 -> 0 | AJ89: 0 | AK89: =+AJ89*$B89 -> 0 | AL89: 0 | AM89: =+AL89*$B89 -> 0 | AN89: 0 | AO89: =+AN89*$B89 -> 0 | AP89: =+F89+H89+J89+L89+N89+P89+R89+T89+V89+X89+Z89+AB89+D89+AD89+AF89+AH89+AJ89+AL89+AN89 -> 1 | AS89: =E89+G89+I89+K89+M89+O89+Q89+S89+U89+W89+Y89+AA89+AC89+AE89+AG89+AI89+AK89+AM89+AO89 -> 6000 | AT89: 2.09 | AU89: Proyector multimedia
AS90: =+AS89 -> 6000 | AT90: Total 2.09 | AW90: =SUBTOTAL(9,AW89:AW89) -> 0
A91: Parlantes (x2) | B91: 1000 | C91: una vez | D91: 1 | E91: =+D91*$B91 -> 1000 | F91: 0 | G91: =+F91*$B91 -> 0 | H91: 0 | I91: =+H91*$B91 -> 0 | J91: 0 | K91: =+J91*$B91 -> 0 | L91: 0 | M91: =+L91*$B91 -> 0 | N91: 0 | O91: =+N91*$B91 -> 0 | P91: 0 | Q91: =+P91*$B91 -> 0 | R91: 0 | S91: =+R91*$B91 -> 0 | T91: 0 | U91: =+T91*$B91 -> 0 | V91: 0 | W91: =+V91*$B91 -> 0 | X91: 0 | Y91: =+X91*$B91 -> 0 | Z91: 0 | AA91: =+Z91*$B91 -> 0 | AB91: 0 | AC91: =+AB91*$B91 -> 0 | AD91: 0 | AE91: =+AD91*$B91 -> 0 | AF91: 0 | AG91: =+AF91*$B91 -> 0 | AH91: 0 | AI91: =+AH91*$B91 -> 0 | AJ91: 0 | AK91: =+AJ91*$B91 -> 0 | AL91: 0 | AM91: =+AL91*$B91 -> 0 | AN91: 0 | AO91: =+AN91*$B91 -> 0 | AP91: =+F91+H91+J91+L91+N91+P91+R91+T91+V91+X91+Z91+AB91+D91+AD91+AF91+AH91+AJ91+AL91+AN91 -> 1 | AS91: =E91+G91+I91+K91+M91+O91+Q91+S91+U91+W91+Y91+AA91+AC91+AE91+AG91+AI91+AK91+AM91+AO91 -> 1000 | AT91: 2.1 | AU91: Parlante
AS92: =+AS91 -> 1000 | AT92: Total 2.10 | AW92: =SUBTOTAL(9,AW91:AW91) -> 0
A93: Micrófono (x2) | B93: 300 | C93: una vez | D93: 1 | E93: =+D93*$B93 -> 300 | F93: 0 | G93: =+F93*$B93 -> 0 | H93: 0 | I93: =+H93*$B93 -> 0 | J93: 0 | K93: =+J93*$B93 -> 0 | L93: 0 | M93: =+L93*$B93 -> 0 | N93: 0 | O93: =+N93*$B93 -> 0 | P93: 0 | Q93: =+P93*$B93 -> 0 | R93: 0 | S93: =+R93*$B93 -> 0 | T93: 0 | U93: =+T93*$B93 -> 0 | V93: 0 | W93: =+V93*$B93 -> 0 | X93: 0 | Y93: =+X93*$B93 -> 0 | Z93: 0 | AA93: =+Z93*$B93 -> 0 | AB93: 0 | AC93: =+AB93*$B93 -> 0 | AD93: 0 | AE93: =+AD93*$B93 -> 0 | AF93: 0 | AG93: =+AF93*$B93 -> 0 | AH93: 0 | AI93: =+AH93*$B93 -> 0 | AJ93: 0 | AK93: =+AJ93*$B93 -> 0 | AL93: 0 | AM93: =+AL93*$B93 -> 0 | AN93: 0 | AO93: =+AN93*$B93 -> 0 | AP93: =+F93+H93+J93+L93+N93+P93+R93+T93+V93+X93+Z93+AB93+D93+AD93+AF93+AH93+AJ93+AL93+AN93 -> 1 | AS93: =E93+G93+I93+K93+M93+O93+Q93+S93+U93+W93+Y93+AA93+AC93+AE93+AG93+AI93+AK93+AM93+AO93 -> 300 | AT93: 2.11 | AU93: Micrófono
C94: 0 | AS94: =+AS93 -> 300 | AT94: Total 2.11 | AW94: =SUBTOTAL(9,AW93:AW93) -> 0
A95: Ecran | B95: 500 | C95: una vez | D95: 1 | E95: =+D95*$B95 -> 500 | F95: 0 | G95: =+F95*$B95 -> 0 | H95: 0 | I95: =+H95*$B95 -> 0 | J95: 0 | K95: =+J95*$B95 -> 0 | L95: 0 | M95: =+L95*$B95 -> 0 | N95: 0 | O95: =+N95*$B95 -> 0 | P95: 0 | Q95: =+P95*$B95 -> 0 | R95: 0 | S95: =+R95*$B95 -> 0 | T95: 0 | U95: =+T95*$B95 -> 0 | V95: 0 | W95: =+V95*$B95 -> 0 | X95: 0 | Y95: =+X95*$B95 -> 0 | Z95: 0 | AA95: =+Z95*$B95 -> 0 | AB95: 0 | AC95: =+AB95*$B95 -> 0 | AD95: 0 | AE95: =+AD95*$B95 -> 0 | AF95: 0 | AG95: =+AF95*$B95 -> 0 | AH95: 0 | AI95: =+AH95*$B95 -> 0 | AJ95: 0 | AK95: =+AJ95*$B95 -> 0 | AL95: 0 | AM95: =+AL95*$B95 -> 0 | AN95: 0 | AO95: =+AN95*$B95 -> 0 | AP95: =+F95+H95+J95+L95+N95+P95+R95+T95+V95+X95+Z95+AB95+D95+AD95+AF95+AH95+AJ95+AL95+AN95 -> 1 | AS95: =E95+G95+I95+K95+M95+O95+Q95+S95+U95+W95+Y95+AA95+AC95+AE95+AG95+AI95+AK95+AM95+AO95 -> 500 | AT95: 2.12 | AU95: Ecran
AS96: =+AS95 -> 500 | AT96: Total 2.12 | AW96: =SUBTOTAL(9,AW95:AW95) -> 0
A97: Curso de capacitación a RRCC | B97: 1200 | C97: por día | D97: 4 | E97: =+D97*$B97 -> 4800 | F97: 0 | G97: =+F97*$B97 -> 0 | H97: 0 | I97: =+H97*$B97 -> 0 | J97: 0 | K97: =+J97*$B97 -> 0 | L97: 0 | M97: =+L97*$B97 -> 0 | N97: 0 | O97: =+N97*$B97 -> 0 | P97: 0 | Q97: =+P97*$B97 -> 0 | R97: 0 | S97: =+R97*$B97 -> 0 | T97: 0 | U97: =+T97*$B97 -> 0 | V97: 0 | W97: =+V97*$B97 -> 0 | X97: 0 | Y97: =+X97*$B97 -> 0 | Z97: 0 | AA97: =+Z97*$B97 -> 0 | AB97: 0 | AC97: =+AB97*$B97 -> 0 | AD97: 0 | AE97: =+AD97*$B97 -> 0 | AF97: 0 | AG97: =+AF97*$B97 -> 0 | AH97: 0 | AI97: =+AH97*$B97 -> 0 | AJ97: 0 | AK97: =+AJ97*$B97 -> 0 | AL97: 0 | AM97: =+AL97*$B97 -> 0 | AN97: 0 | AO97: =+AN97*$B97 -> 0 | AP97: =+F97+H97+J97+L97+N97+P97+R97+T97+V97+X97+Z97+AB97+D97+AD97+AF97+AH97+AJ97+AL97+AN97 -> 4 | AS97: =E97+G97+I97+K97+M97+O97+Q97+S97+U97+W97+Y97+AA97+AC97+AE97+AG97+AI97+AK97+AM97+AO97 -> 4800 | AT97: 0 | AU97: Otros
A98: Curso de manejo defensivo | B98: 165 | C98: por vez | D98: 1 | E98: =+D98*$B98 -> 165 | F98: 0 | G98: =+F98*$B98 -> 0 | H98: 0 | I98: =+H98*$B98 -> 0 | J98: 0 | K98: =+J98*$B98 -> 0 | L98: 0 | M98: =+L98*$B98 -> 0 | N98: 0 | O98: =+N98*$B98 -> 0 | P98: 0 | Q98: =+P98*$B98 -> 0 | R98: 0 | S98: =+R98*$B98 -> 0 | T98: 0 | U98: =+T98*$B98 -> 0 | V98: 0 | W98: =+V98*$B98 -> 0 | X98: 0 | Y98: =+X98*$B98 -> 0 | Z98: 0 | AA98: =+Z98*$B98 -> 0 | AB98: 0 | AC98: =+AB98*$B98 -> 0 | AD98: 0 | AE98: =+AD98*$B98 -> 0 | AF98: 0 | AG98: =+AF98*$B98 -> 0 | AH98: 0 | AI98: =+AH98*$B98 -> 0 | AJ98: 0 | AK98: =+AJ98*$B98 -> 0 | AL98: 0 | AM98: =+AL98*$B98 -> 0 | AN98: 0 | AO98: =+AN98*$B98 -> 0 | AP98: =+F98+H98+J98+L98+N98+P98+R98+T98+V98+X98+Z98+AB98+D98+AD98+AF98+AH98+AJ98+AL98+AN98 -> 1 | AS98: =E98+G98+I98+K98+M98+O98+Q98+S98+U98+W98+Y98+AA98+AC98+AE98+AG98+AI98+AK98+AM98+AO98 -> 165 | AT98: 0 | AU98: Otros
A99: Chips | B99: 30 | C99: por persona/mes | D99: 5 | E99: =+D99*$B99 -> 150 | F99: 0 | G99: =+F99*$B99 -> 0 | H99: 0 | I99: =+H99*$B99 -> 0 | J99: 0 | K99: =+J99*$B99 -> 0 | L99: 0 | M99: =+L99*$B99 -> 0 | N99: 0 | O99: =+N99*$B99 -> 0 | P99: 0 | Q99: =+P99*$B99 -> 0 | R99: 0 | S99: =+R99*$B99 -> 0 | T99: 0 | U99: =+T99*$B99 -> 0 | V99: 0 | W99: =+V99*$B99 -> 0 | X99: 0 | Y99: =+X99*$B99 -> 0 | Z99: 0 | AA99: =+Z99*$B99 -> 0 | AB99: 0 | AC99: =+AB99*$B99 -> 0 | AD99: 0 | AE99: =+AD99*$B99 -> 0 | AF99: 0 | AG99: =+AF99*$B99 -> 0 | AH99: 0 | AI99: =+AH99*$B99 -> 0 | AJ99: 0 | AK99: =+AJ99*$B99 -> 0 | AL99: 0 | AM99: =+AL99*$B99 -> 0 | AN99: 0 | AO99: =+AN99*$B99 -> 0 | AP99: =+F99+H99+J99+L99+N99+P99+R99+T99+V99+X99+Z99+AB99+D99+AD99+AF99+AH99+AJ99+AL99+AN99 -> 5 | AS99: =E99+G99+I99+K99+M99+O99+Q99+S99+U99+W99+Y99+AA99+AC99+AE99+AG99+AI99+AK99+AM99+AO99 -> 150 | AT99: 0 | AU99: Otros
A100: Examen Medico Ocupacional - Relacionista | B100: 250 | C100: por persona | D100: 5 | E100: =+D100*$B100 -> 1250 | F100: 0 | G100: =+F100*$B100 -> 0 | H100: 0 | I100: =+H100*$B100 -> 0 | J100: 0 | K100: =+J100*$B100 -> 0 | L100: 0 | M100: =+L100*$B100 -> 0 | N100: 0 | O100: =+N100*$B100 -> 0 | P100: 0 | Q100: =+P100*$B100 -> 0 | R100: 0 | S100: =+R100*$B100 -> 0 | T100: 0 | U100: =+T100*$B100 -> 0 | V100: 0 | W100: =+V100*$B100 -> 0 | X100: 0 | Y100: =+X100*$B100 -> 0 | Z100: 0 | AA100: =+Z100*$B100 -> 0 | AB100: 0 | AC100: =+AB100*$B100 -> 0 | AD100: 0 | AE100: =+AD100*$B100 -> 0 | AF100: 0 | AG100: =+AF100*$B100 -> 0 | AH100: 0 | AI100: =+AH100*$B100 -> 0 | AJ100: 0 | AK100: =+AJ100*$B100 -> 0 | AL100: 0 | AM100: =+AL100*$B100 -> 0 | AN100: 0 | AO100: =+AN100*$B100 -> 0 | AP100: =+F100+H100+J100+L100+N100+P100+R100+T100+V100+X100+Z100+AB100+D100+AD100+AF100+AH100+AJ100+AL100+AN100 -> 5 | AS100: =E100+G100+I100+K100+M100+O100+Q100+S100+U100+W100+Y100+AA100+AC100+AE100+AG100+AI100+AK100+AM100+AO100 -> 1250 | AT100: 0 | AU100: Otros
A101: Examen Medico Ocupacional - Conductor | B101: 250 | C101: por persona | D101: 1 | E101: =+D101*$B101 -> 250 | F101: 0 | G101: =+F101*$B101 -> 0 | H101: 0 | I101: =+H101*$B101 -> 0 | J101: 0 | K101: =+J101*$B101 -> 0 | L101: 0 | M101: =+L101*$B101 -> 0 | N101: 0 | O101: =+N101*$B101 -> 0 | P101: 0 | Q101: =+P101*$B101 -> 0 | R101: 0 | S101: =+R101*$B101 -> 0 | T101: 0 | U101: =+T101*$B101 -> 0 | V101: 0 | W101: =+V101*$B101 -> 0 | X101: 0 | Y101: =+X101*$B101 -> 0 | Z101: 0 | AA101: =+Z101*$B101 -> 0 | AB101: 0 | AC101: =+AB101*$B101 -> 0 | AD101: 0 | AE101: =+AD101*$B101 -> 0 | AF101: 0 | AG101: =+AF101*$B101 -> 0 | AH101: 0 | AI101: =+AH101*$B101 -> 0 | AJ101: 0 | AK101: =+AJ101*$B101 -> 0 | AL101: 0 | AM101: =+AL101*$B101 -> 0 | AN101: 0 | AO101: =+AN101*$B101 -> 0 | AP101: =+F101+H101+J101+L101+N101+P101+R101+T101+V101+X101+Z101+AB101+D101+AD101+AF101+AH101+AJ101+AL101+AN101 -> 1 | AS101: =E101+G101+I101+K101+M101+O101+Q101+S101+U101+W101+Y101+AA101+AC101+AE101+AG101+AI101+AK101+AM101+AO101 -> 250 | AT101: 0 | AU101: Otros
A102: SCTR
A103: EPPs equipo - General | AP103: =+F103+H103+J103+L103+N103+P103+R103+T103+V103+X103+Z103+AB103+D103+AD103+AF103+AH103+AJ103+AL103+AN103 -> 0 | AS103: =E103+G103+I103+K103+M103+O103+Q103+S103+U103+W103+Y103+AA103+AC103+AE103+AG103+AI103+AK103+AM103+AO103 -> 0 | AT103: 0 | AU103: Otros
A104: Chalecos | B104: 55 | C104: una vez | D104: 6 | E104: =+D104*$B104 -> 330 | F104: 0 | G104: =+F104*$B104 -> 0 | H104: 0 | I104: =+H104*$B104 -> 0 | J104: 0 | K104: =+J104*$B104 -> 0 | L104: 0 | M104: =+L104*$B104 -> 0 | N104: 0 | O104: =+N104*$B104 -> 0 | P104: 0 | Q104: =+P104*$B104 -> 0 | R104: 0 | S104: =+R104*$B104 -> 0 | T104: 0 | U104: =+T104*$B104 -> 0 | V104: 0 | W104: =+V104*$B104 -> 0 | X104: 0 | Y104: =+X104*$B104 -> 0 | Z104: 0 | AA104: =+Z104*$B104 -> 0 | AB104: 0 | AC104: =+AB104*$B104 -> 0 | AD104: 0 | AE104: =+AD104*$B104 -> 0 | AF104: 0 | AG104: =+AF104*$B104 -> 0 | AH104: 0 | AI104: =+AH104*$B104 -> 0 | AJ104: 0 | AK104: =+AJ104*$B104 -> 0 | AL104: 0 | AM104: =+AL104*$B104 -> 0 | AN104: 0 | AO104: =+AN104*$B104 -> 0 | AP104: =+F104+H104+J104+L104+N104+P104+R104+T104+V104+X104+Z104+AB104+D104+AD104+AF104+AH104+AJ104+AL104+AN104 -> 6 | AS104: =E104+G104+I104+K104+M104+O104+Q104+S104+U104+W104+Y104+AA104+AC104+AE104+AG104+AI104+AK104+AM104+AO104 -> 330 | AT104: 0 | AU104: Otros
A105: Sombreros | B105: 22 | C105: una vez | D105: 6 | E105: =+D105*$B105 -> 132 | F105: 0 | G105: =+F105*$B105 -> 0 | H105: 0 | I105: =+H105*$B105 -> 0 | J105: 0 | K105: =+J105*$B105 -> 0 | L105: 0 | M105: =+L105*$B105 -> 0 | N105: 0 | O105: =+N105*$B105 -> 0 | P105: 0 | Q105: =+P105*$B105 -> 0 | R105: 0 | S105: =+R105*$B105 -> 0 | T105: 0 | U105: =+T105*$B105 -> 0 | V105: 0 | W105: =+V105*$B105 -> 0 | X105: 0 | Y105: =+X105*$B105 -> 0 | Z105: 0 | AA105: =+Z105*$B105 -> 0 | AB105: 0 | AC105: =+AB105*$B105 -> 0 | AD105: 0 | AE105: =+AD105*$B105 -> 0 | AF105: 0 | AG105: =+AF105*$B105 -> 0 | AH105: 0 | AI105: =+AH105*$B105 -> 0 | AJ105: 0 | AK105: =+AJ105*$B105 -> 0 | AL105: 0 | AM105: =+AL105*$B105 -> 0 | AN105: 0 | AO105: =+AN105*$B105 -> 0 | AP105: =+F105+H105+J105+L105+N105+P105+R105+T105+V105+X105+Z105+AB105+D105+AD105+AF105+AH105+AJ105+AL105+AN105 -> 6 | AS105: =E105+G105+I105+K105+M105+O105+Q105+S105+U105+W105+Y105+AA105+AC105+AE105+AG105+AI105+AK105+AM105+AO105 -> 132 | AT105: 0 | AU105: Otros
A106: Fotocheck | B106: 9 | C106: una vez | D106: 6 | E106: =+D106*$B106 -> 54 | F106: 0 | G106: =+F106*$B106 -> 0 | H106: 0 | I106: =+H106*$B106 -> 0 | J106: 0 | K106: =+J106*$B106 -> 0 | L106: 0 | M106: =+L106*$B106 -> 0 | N106: 0 | O106: =+N106*$B106 -> 0 | P106: 0 | Q106: =+P106*$B106 -> 0 | R106: 0 | S106: =+R106*$B106 -> 0 | T106: 0 | U106: =+T106*$B106 -> 0 | V106: 0 | W106: =+V106*$B106 -> 0 | X106: 0 | Y106: =+X106*$B106 -> 0 | Z106: 0 | AA106: =+Z106*$B106 -> 0 | AB106: 0 | AC106: =+AB106*$B106 -> 0 | AD106: 0 | AE106: =+AD106*$B106 -> 0 | AF106: 0 | AG106: =+AF106*$B106 -> 0 | AH106: 0 | AI106: =+AH106*$B106 -> 0 | AJ106: 0 | AK106: =+AJ106*$B106 -> 0 | AL106: 0 | AM106: =+AL106*$B106 -> 0 | AN106: 0 | AO106: =+AN106*$B106 -> 0 | AP106: =+F106+H106+J106+L106+N106+P106+R106+T106+V106+X106+Z106+AB106+D106+AD106+AF106+AH106+AJ106+AL106+AN106 -> 6 | AS106: =E106+G106+I106+K106+M106+O106+Q106+S106+U106+W106+Y106+AA106+AC106+AE106+AG106+AI106+AK106+AM106+AO106 -> 54 | AT106: 0 | AU106: Otros
A107: Bloqueador | B107: 120 | C107: mensual | D107: 0 | E107: =+D107*$B107 -> 0 | F107: 1 | G107: =+F107*$B107 -> 120 | H107: 1 | I107: =+H107*$B107 -> 120 | J107: 1 | K107: =+J107*$B107 -> 120 | L107: 1 | M107: =+L107*$B107 -> 120 | N107: 1 | O107: =+N107*$B107 -> 120 | P107: 1 | Q107: =+P107*$B107 -> 120 | R107: 1 | S107: =+R107*$B107 -> 120 | T107: 1 | U107: =+T107*$B107 -> 120 | V107: 1 | W107: =+V107*$B107 -> 120 | X107: 1 | Y107: =+X107*$B107 -> 120 | Z107: 1 | AA107: =+Z107*$B107 -> 120 | AB107: 1 | AC107: =+AB107*$B107 -> 120 | AD107: 1 | AE107: =+AD107*$B107 -> 120 | AF107: 1 | AG107: =+AF107*$B107 -> 120 | AH107: 1 | AI107: =+AH107*$B107 -> 120 | AJ107: 1 | AK107: =+AJ107*$B107 -> 120 | AL107: 1 | AM107: =+AL107*$B107 -> 120 | AN107: 1 | AO107: =+AN107*$B107 -> 120 | AP107: =+F107+H107+J107+L107+N107+P107+R107+T107+V107+X107+Z107+AB107+D107+AD107+AF107+AH107+AJ107+AL107+AN107 -> 18 | AS107: =E107+G107+I107+K107+M107+O107+Q107+S107+U107+W107+Y107+AA107+AC107+AE107+AG107+AI107+AK107+AM107+AO107 -> 2160 | AT107: 0 | AU107: Otros
A108: Lentes de seguridad oscuros | B108: 25 | C108: una vez | D108: 6 | E108: =+D108*$B108 -> 150 | F108: 0 | G108: =+F108*$B108 -> 0 | H108: 0 | I108: =+H108*$B108 -> 0 | J108: 0 | K108: =+J108*$B108 -> 0 | L108: 0 | M108: =+L108*$B108 -> 0 | N108: 0 | O108: =+N108*$B108 -> 0 | P108: 0 | Q108: =+P108*$B108 -> 0 | R108: 0 | S108: =+R108*$B108 -> 0 | T108: 0 | U108: =+T108*$B108 -> 0 | V108: 0 | W108: =+V108*$B108 -> 0 | X108: 0 | Y108: =+X108*$B108 -> 0 | Z108: 0 | AA108: =+Z108*$B108 -> 0 | AB108: 0 | AC108: =+AB108*$B108 -> 0 | AD108: 0 | AE108: =+AD108*$B108 -> 0 | AF108: 0 | AG108: =+AF108*$B108 -> 0 | AH108: 0 | AI108: =+AH108*$B108 -> 0 | AJ108: 0 | AK108: =+AJ108*$B108 -> 0 | AL108: 0 | AM108: =+AL108*$B108 -> 0 | AN108: 0 | AO108: =+AN108*$B108 -> 0 | AP108: =+F108+H108+J108+L108+N108+P108+R108+T108+V108+X108+Z108+AB108+D108+AD108+AF108+AH108+AJ108+AL108+AN108 -> 6 | AS108: =E108+G108+I108+K108+M108+O108+Q108+S108+U108+W108+Y108+AA108+AC108+AE108+AG108+AI108+AK108+AM108+AO108 -> 150 | AT108: 0 | AU108: Otros
A109: Camisa celeste | B109: 37 | C109: una vez | D109: 6 | E109: =+D109*$B109 -> 222 | F109: 0 | G109: =+F109*$B109 -> 0 | H109: 0 | I109: =+H109*$B109 -> 0 | J109: 0 | K109: =+J109*$B109 -> 0 | L109: 0 | M109: =+L109*$B109 -> 0 | N109: 0 | O109: =+N109*$B109 -> 0 | P109: 0 | Q109: =+P109*$B109 -> 0 | R109: 0 | S109: =+R109*$B109 -> 0 | T109: 0 | U109: =+T109*$B109 -> 0 | V109: 0 | W109: =+V109*$B109 -> 0 | X109: 0 | Y109: =+X109*$B109 -> 0 | Z109: 0 | AA109: =+Z109*$B109 -> 0 | AB109: 0 | AC109: =+AB109*$B109 -> 0 | AD109: 0 | AE109: =+AD109*$B109 -> 0 | AF109: 0 | AG109: =+AF109*$B109 -> 0 | AH109: 0 | AI109: =+AH109*$B109 -> 0 | AJ109: 0 | AK109: =+AJ109*$B109 -> 0 | AL109: 0 | AM109: =+AL109*$B109 -> 0 | AN109: 0 | AO109: =+AN109*$B109 -> 0 | AP109: =+F109+H109+J109+L109+N109+P109+R109+T109+V109+X109+Z109+AB109+D109+AD109+AF109+AH109+AJ109+AL109+AN109 -> 6 | AS109: =E109+G109+I109+K109+M109+O109+Q109+S109+U109+W109+Y109+AA109+AC109+AE109+AG109+AI109+AK109+AM109+AO109 -> 222 | AT109: 0 | AU109: Otros
A110: Casco | B110: 50 | C110: una vez | D110: 6 | E110: =+D110*$B110 -> 300 | F110: 0 | G110: =+F110*$B110 -> 0 | H110: 0 | I110: =+H110*$B110 -> 0 | J110: 0 | K110: =+J110*$B110 -> 0 | L110: 0 | M110: =+L110*$B110 -> 0 | N110: 0 | O110: =+N110*$B110 -> 0 | P110: 0 | Q110: =+P110*$B110 -> 0 | R110: 0 | S110: =+R110*$B110 -> 0 | T110: 0 | U110: =+T110*$B110 -> 0 | V110: 0 | W110: =+V110*$B110 -> 0 | X110: 0 | Y110: =+X110*$B110 -> 0 | Z110: 0 | AA110: =+Z110*$B110 -> 0 | AB110: 0 | AC110: =+AB110*$B110 -> 0 | AD110: 0 | AE110: =+AD110*$B110 -> 0 | AF110: 0 | AG110: =+AF110*$B110 -> 0 | AH110: 0 | AI110: =+AH110*$B110 -> 0 | AJ110: 0 | AK110: =+AJ110*$B110 -> 0 | AL110: 0 | AM110: =+AL110*$B110 -> 0 | AN110: 0 | AO110: =+AN110*$B110 -> 0 | AP110: =+F110+H110+J110+L110+N110+P110+R110+T110+V110+X110+Z110+AB110+D110+AD110+AF110+AH110+AJ110+AL110+AN110 -> 6 | AS110: =E110+G110+I110+K110+M110+O110+Q110+S110+U110+W110+Y110+AA110+AC110+AE110+AG110+AI110+AK110+AM110+AO110 -> 300 | AT110: 0 | AU110: Otros
A111: Zapatos de seguridad | B111: 400 | C111: una vez | D111: 6 | E111: =+D111*$B111 -> 2400 | F111: 0 | G111: =+F111*$B111 -> 0 | H111: 0 | I111: =+H111*$B111 -> 0 | J111: 0 | K111: =+J111*$B111 -> 0 | L111: 0 | M111: =+L111*$B111 -> 0 | N111: 0 | O111: =+N111*$B111 -> 0 | P111: 0 | Q111: =+P111*$B111 -> 0 | R111: 0 | S111: =+R111*$B111 -> 0 | T111: 0 | U111: =+T111*$B111 -> 0 | V111: 0 | W111: =+V111*$B111 -> 0 | X111: 0 | Y111: =+X111*$B111 -> 0 | Z111: 0 | AA111: =+Z111*$B111 -> 0 | AB111: 0 | AC111: =+AB111*$B111 -> 0 | AD111: 0 | AE111: =+AD111*$B111 -> 0 | AF111: 0 | AG111: =+AF111*$B111 -> 0 | AH111: 0 | AI111: =+AH111*$B111 -> 0 | AJ111: 0 | AK111: =+AJ111*$B111 -> 0 | AL111: 0 | AM111: =+AL111*$B111 -> 0 | AN111: 0 | AO111: =+AN111*$B111 -> 0 | AP111: =+F111+H111+J111+L111+N111+P111+R111+T111+V111+X111+Z111+AB111+D111+AD111+AF111+AH111+AJ111+AL111+AN111 -> 6 | AS111: =E111+G111+I111+K111+M111+O111+Q111+S111+U111+W111+Y111+AA111+AC111+AE111+AG111+AI111+AK111+AM111+AO111 -> 2400 | AT111: 0 | AU111: Otros
A112: SCTR | G112: 467 | I112: 467 | K112: 467 | M112: 467 | O112: 467 | Q112: 467 | S112: 467 | U112: 467 | W112: 467 | Y112: 467 | AA112: 467 | AC112: 467 | AE112: 467 | AG112: 467 | AI112: 467 | AK112: 467 | AM112: 467 | AO112: 467 | AS112: =SUM(G112:AO112) -> 8406
A113: Total Gastos Operativos S/. | E113: =SUM(E24:E112) -> 47503 | G113: =SUM(G24:G112) -> 26275 | I113: =SUM(I24:I112) -> 21025 | K113: =SUM(K24:K112) -> 21225 | M113: =SUM(M24:M112) -> 22175 | O113: =SUM(O24:O112) -> 21225 | Q113: =SUM(Q24:Q112) -> 21725 | S113: =SUM(S24:S112) -> 22075 | U113: =SUM(U24:U112) -> 21025 | W113: =SUM(W24:W112) -> 21225 | Y113: =SUM(Y24:Y112) -> 21875 | AA113: =SUM(AA24:AA112) -> 21225 | AC113: =SUM(AC24:AC112) -> 21725 | AE113: =SUM(AE24:AE112) -> 25575 | AG113: =SUM(AG24:AG112) -> 21025 | AI113: =SUM(AI24:AI112) -> 21225 | AK113: =SUM(AK24:AK112) -> 21875 | AM113: =SUM(AM24:AM112) -> 21225 | AO113: =SUM(AO24:AO112) -> 21025 | AS113: =+AS29+AS66+AS69+AS77+AS84+AS88+AS90+AS92+AS94+AS96 -> 421484 | BD113: =+BD19+AS113 -> 1484729.5
A117: Gastos Generales
A118: Otros | AS118: =SUM(AS97:AS112) -> 20769
A119: Advisor Team
A120: Gerente | B120: 1 | C120: 2670 | D120: 2 | E120: =+$B120*$C120*D120 -> 5340 | F120: 1 | G120: =+$B120*$C120*F120 -> 2670 | H120: 1 | I120: =+$B120*$C120*H120 -> 2670 | J120: 1 | K120: =+$B120*$C120*J120 -> 2670 | L120: 1 | M120: =+$B120*$C120*L120 -> 2670 | N120: 1 | O120: =+$B120*$C120*N120 -> 2670 | P120: 1 | Q120: =+$B120*$C120*P120 -> 2670 | R120: 1 | S120: =+$B120*$C120*R120 -> 2670 | T120: 1 | U120: =+$B120*$C120*T120 -> 2670 | V120: 1 | W120: =+$B120*$C120*V120 -> 2670 | X120: 1 | Y120: =+$B120*$C120*X120 -> 2670 | Z120: 1 | AA120: =+$B120*$C120*Z120 -> 2670 | AB120: 1 | AC120: =+$B120*$C120*AB120 -> 2670 | AD120: 1 | AE120: =+$B120*$C120*AD120 -> 2670 | AF120: 1 | AG120: =+$B120*$C120*AF120 -> 2670 | AH120: 1 | AI120: =+$B120*$C120*AH120 -> 2670 | AJ120: 1 | AK120: =+$B120*$C120*AJ120 -> 2670 | AL120: 1 | AM120: =+$B120*$C120*AL120 -> 2670 | AN120: 0.73 | AO120: =+$B120*$C120*AN120 -> 1949.1 | AP120: =+F120+H120+J120+L120+N120+P120+R120+T120+V120+X120+Z120+AB120+D120+AD120+AF120+AH120+AJ120+AL120+AN120 -> 19.73 | AQ120: =+AS120/AR120 -> 2300 | AR120: =+AY120 -> 17.73 | AS120: 40779 | AX120: 19.73 | AY120: 17.73 | AZ120: 1 | BA120: 17.73 | BB120: 47339.1 | BC120: 5340 | BD120: 52679.1
...

Sheet Plantilla OHLA
A1: Item | B1: Descripción | C1: Und | D1: Cant | E1: PU | F1: Total
A2: 1 | B2: Personal | F2: =SUM(F4:F8) -> 838908
B3: Huarmey
A4: 1.03 | B4: Coordinador RRCC | C4: Mes | D4: =+Detalle!AY12 -> 17.73 | E4: 13000 | F4: =+D4*E4 -> 230490
A5: 1.04 | B5: RRCC I | C5: Mes | D5: =+Detalle!AY13 -> 17.73 | E5: 9300 | F5: =+D5*E5 -> 164889
A6: 1.05 | B6: RRCC II | C6: Mes | D6: =+Detalle!AY14 -> 15.23 | E6: 9000 | F6: =+D6*E6 -> 137070
A7: 1.06 | B7: RRCC III | C7: Mes | D7: =+Detalle!AY15 -> 15.73 | E7: 9000 | F7: =+D7*E7 -> 141570
A8: 1.07 | B8: Comunicador | C8: Mes | D8: =+Detalle!AY16 -> 17.73 | E8: 9300 | F8: =+D8*E8 -> 164889
A9: 2 | B9: Gastos operativos | F9: =SUM(F10:F23) -> 429890
B10: Huarmey
A11: 2.01 | B11: Movilización y Desmovilización | C11: Glb
A12: 2.02 | B12: Viáticos y alojamiento de personal | C12: Unidad | F12: 125400
A13: 2.03 | B13: Alquiler de oficina (todo costo) | C13: Mes | F13: 71969
A14: 2.04 | B14: Movilidad, combustible, repuestos, no incluye chofer (personal será chofer) | C14: Mes | F14: 153000
A15: 2.05 | B15: Gastos reuniones y talleres | C15: Unidad
A16: 2.06 | B16: Insumos varios, impresiones, informes | C16: Unidad | F16: 32030
A17: 2.07 | B17: Gastos implementación medidas anti Covid | C17: Unidad | F17: 12285
A18: 2.08 | B18: Equipos de cómputo | C18: Unidad | F18: 19000
A19: 2.09 | B19: Proyector multimedia | C19: Unidad | F19: 6000
A20: 2.1 | B20: Parlante | C20: Unidad | F20: 1000
A21: 2.11 | B21: Micrófono | C21: Unidad | F21: 300
A22: 2.12 | B22: Ecran | C22: Unidad | F22: 500
A23: 2.25 | B23: Seguros SCTR | C23: Glb | F23: =8413-7 -> 8406
B25: Costo directo | D25: =+F9+F2 -> 1268798
B26: GASTOS GENERALES SUBCONTRATISTA | D26: =+Detalle!AS124 -> 198779 | E26: (Ver Detalle)
B27: UTILIDADES SUBCONTRATISTA | C27: 0.2 | D27: =+Detalle!AS126 -> 252078.4 | E27: (Ver Detalle)
B28: SUBTOTAL COSTOS | D28: =+D25+D26+D27 -> 1719655.4
B29: IGV | D29: =+D28*0.18 -> 309537.97
B30: PRESUPUESTO TOTAL DEL PROYECTO | D30: =+D28+D29 -> 2029193.4

Sheet PlantillaFinal
B2: Item | C2: Descripción | D2: Und | E2: Cant | F2: Duración mes | G2: PU S/. (Sin IGV) | H2: Total S/. (Sin IGV)
B3: 1 | C3: Personal | H3: =SUM(H5:H9) -> 813740.76
C4: Huarmey
B5: 1.06 | C5: Coordinador RRCC | D5: Mes | E5: 1 | F5: 17.73 | G5: =13000*0.97 -> 12610 | H5: =+F5*G5 -> 223575.3
B6: 1.07 | C6: Relacionista Comunitario I - Qda. Aija - San Damián | D6: Mes | E6: 1 | F6: 17.73 | G6: =9300*0.97 -> 9021 | H6: =+F6*G6 -> 159942.33
B7: 1.08 | C7: Relacionista Comunitario II - Qda. Malvas - Huamba baja | D7: Mes | E7: 1 | F7: 15.23 | G7: =9000*0.97 -> 8730 | H7: =+F7*G7 -> 132957.9
B8: 1.09 | C8: Relacionista Comunitario II - Qda. Huarmey (Huamba) | D8: Mes | E8: 1 | F8: 15.73 | G8: =9000*0.97 -> 8730 | H8: =+F8*G8 -> 137322.9
B9: 1.1 | C9: Comunicador - Huarmey | D9: Mes | E9: 1 | F9: 17.73 | G9: =9300*0.97 -> 9021 | H9: =+F9*G9 -> 159942.33
B10: 2 | C10: Gastos Operativos | H10: =SUM(H12:H23) -> 408862.57
C11: Huarmey
B12: 2.13 | C12: Movilización y Desmovilización (Huarmey) | D12: Und | F12: 2
B13: 2.14 | C13: Viáticos y alojamiento de personal (Huarmey) | D13: Mes | E13: 7 | F13: 84.15 | G13: =213*0.97 -> 206.61 | H13: =+E13*F13*G13 -> 121703.62
B14: 2.15 | C14: Alquiler de oficina - Huarmey | D14: Mes | E14: 1 | F14: 17.73 | G14: =4059*0.97 -> 3937.23 | H14: =+E14*F14*G14 -> 69807.088
B15: 2.16 | C15: Movilidad, combustible, repuestos, no incluye chofer (personal sera chofer) | D15: Mes | E15: 1 | F15: 34 | G15: =4500*0.97 -> 4365 | H15: =+E15*F15*G15 -> 148410
B16: 2.17 | C16: Gastos reuniones y talleres - Huarmey | D16: Und | F16: 84.15 | H16: =+E16*F16*G16 -> 0
B17: 2.18 | C17: Insumos varios, impresiones, informes (Huarmey) | D17: Mes | E17: 17 | F17: 17.73 | G17: =106*0.97 -> 102.82 | H17: =+E17*F17*G17 -> 30990.976
B18: 2.19 | C18: Gastos implementación medidas anti COVID | D18: Mes | E18: 7 | F18: 84.15 | G18: =21*0.97 -> 20.37 | H18: =+E18*F18*G18 -> 11998.949
B19: 2.2 | C19: Equipos de computo(Laptop) - Huarmey | D19: Mes | E19: 3 | F19: 17.73 | G19: =357*0.97 -> 346.29 | H19: =+E19*F19*G19 -> 18419.165
B20: 2.21 | C20: Proyector multimedia - Huarmey | D20: Und | E20: 1 | F20: 17.73 | G20: =338*0.97 -> 327.86 | H20: =+E20*F20*G20 -> 5812.9578
B21: 2.22 | C21: Parlante - Huarmey | D21: Und | E21: 2 | F21: 17.73 | G21: =28*0.97 -> 27.16 | H21: =+E21*F21*G21 -> 963.0936
B22: 2.23 | C22: Micrófonos - Huarmey | D22: Und | E22: 2 | F22: 17.73 | G22: =8*0.97 -> 7.76 | H22: =+E22*F22*G22 -> 275.1696
B23: 2.24 | C23: Ecran - Huarmey | D23: Und | E23: 1 | F23: 17.73 | G23: =28*0.97 -> 27.16 | H23: =+E23*F23*G23 -> 481.5468
C25: COSTO DIRECTO (HUARMEY) | H25: =+H3+H10 -> 1222603.3
C26: GASTOS GENERALES SUBCONTRATISTA | H26: =+Detalle!AS124*0.97-27.56 -> 192788.07
C27: UTILIDADES SUBCONTRATISTA | G27: 0.2 | H27: =+H25*G27 -> 244520.67
C28: SUBTOTAL COSTOS | H28: =+H25+H26+H27 -> 1659912.1
C29: IGV | H29: =+H28*0.18 -> 298784.17
C30: PRESUPUESTO TOTAL DEL PROYECTO | H30: =+H28+H29 -> 1958696.2
C33: * Sustentar la partida de Gastos Generales al momento de presentar la oferta ecónomica.
C34: Ver detalle

Sheet txt
B1: Gastos Operativos | G1: 1 | H1: 2 | I1: 3 | J1: 4 | K1: 5 | L1: 6 | M1: 7 | N1: 8 | O1: 9 | P1: 10 | Q1: 11 | R1: 12
B2: Gastos Operativos | E2: Rate | F2: Unidad | G2: Costo | H2: Costo | I2: Costo | J2: Costo | K2: Costo | L2: Costo | M2: Costo | N2: Costo | O2: Costo | P2: Costo | Q2: Costo | R2: Costo | S2: Costo
C3: cuenta | E3: (S/.) | G3: (S/.) | H3: (S/.) | I3: (S/.) | J3: (S/.) | K3: (S/.) | L3: (S/.) | M3: (S/.) | N3: (S/.) | O3: (S/.) | P3: (S/.) | Q3: (S/.) | R3: (S/.) | S3: (S/.)
B4: Alquiler de Vehìculo | C4: 9135400 | D4: Alquiler de Vehìculo | E4: 220 | F4: por dìa | G4: 13200 | H4: 13200 | I4: 13200 | J4: 13200 | K4: 13200 | L4: 11000 | M4: 6600 | N4: 6600 | O4: 6600 | P4: 6600 | Q4: 6600 | R4: 8800 | S4: 118800
B5: Pasaje Aereo | C5: 9131120 | D5: Pasaje Aereo | E5: 760 | F5: por persona | G5: 760 | H5: 760 | I5: 1520 | J5: 1520 | K5: 1520 | L5: 1520 | M5: 1520 | N5: 1520 | O5: 1520 | P5: 1520 | Q5: 1520 | R5: 1520 | S5: 16720
B6: Conductor | C6: 9139316 | D6: Conductor | E6: 3000 | F6: por mes por 02 personas | G6: 6000 | H6: 9000 | I6: 6000 | J6: 6000 | K6: 6000 | L6: 6000 | M6: 3000 | N6: 3000 | O6: 3000 | P6: 3000 | Q6: 3000 | R6: 3000 | S6: 57000
B7: Combustible | C7: 9131132 | D7: Combustible | E7: 75 | F7: por dìa | G7: 4500 | H7: 4500 | I7: 4500 | J7: 4500 | K7: 4500 | L7: 3750 | M7: 2250 | N7: 2250 | O7: 2250 | P7: 2250 | Q7: 2250 | R7: 3000 | S7: 40500
B8: Alimentacion | C8: 9131400 | D8: Alimentacion | E8: 40 | F8: por persona dia | G8: 7200 | H8: 7200 | I8: 7200 | J8: 7200 | K8: 7200 | L8: 7200 | M8: 7200 | N8: 7200 | O8: 7200 | P8: 7200 | Q8: 7200 | R8: 7200 | S8: 86400
B9: Alojamiento | C9: 9131300 | D9: Alojamiento | E9: 990 | F9: por mes | G9: 990 | H9: 990 | I9: 990 | J9: 990 | K9: 990 | L9: 990 | M9: 990 | N9: 990 | O9: 990 | P9: 990 | Q9: 990 | R9: 990 | S9: 11880
B10: Comunicaciones | C10: 9136401 | D10: Comunicaciones | E10: 100 | F10: por persona | G10: 300 | H10: 300 | I10: 300 | J10: 300 | K10: 300 | L10: 300 | M10: 300 | N10: 300 | O10: 300 | P10: 300 | Q10: 300 | R10: 300 | S10: 3600
B11: EPPs - Indumentaria para campo con protección UV | C11: 9156002 | D11: EPP | E11: 300 | F11: por persona | G11: 1800 | H11: 0 | I11: 0 | J11: 0 | K11: 0 | L11: 0 | M11: 0 | N11: 0 | O11: 0 | P11: 0 | Q11: 0 | R11: 0 | S11: 1800
B12: Examenes Medicos - Pre ocupacional para equipo de planta | C12: 9139315 | D12: examenes medicos | E12: 250 | F12: por persona | G12: 1500 | H12: 0 | I12: 0 | J12: 0 | K12: 0 | L12: 0 | M12: 0 | N12: 0 | O12: 0 | P12: 0 | Q12: 0 | R12: 0 | S12: 1500
B13: * Alquiler de Oficinas | C13: 9135200 | D13: * Alquiler de Oficinas | E13: 1600 | F13: por mes | G13: 1600 | H13: 1600 | I13: 1600 | J13: 1600 | K13: 1600 | L13: 1600 | M13: 1600 | N13: 1600 | O13: 1600 | P13: 1600 | Q13: 1600 | R13: 1600 | S13: 19200
B14: * Servicios | C14: 9139314 | D14: servicio de limpieza | E14: 270 | F14: por mes | G14: 270 | H14: 270 | I14: 270 | J14: 270 | K14: 270 | L14: 270 | M14: 270 | N14: 270 | O14: 270 | P14: 270 | Q14: 270 | R14: 270 | S14: 3240
B15: * Implementacion de Oficina y Equipos | C15: 3351100 | D15: activos y compra de activos menores | E15: 21900 | F15: total | G15: 21900 | H15: 0 | I15: 0 | J15: 0 | K15: 0 | L15: 0 | M15: 0 | N15: 0 | O15: 0 | P15: 0 | Q15: 0 | R15: 0 | S15: 21900
... B18: * Materiales | C18: 9159400 | D18: copias | E18: 300 | F18: por taller | G18: 3500 | H18: 3600 | I18: 3600 | J18: 3600 | K18: 0 | L18: 0 | M18: 0 | N18: 0 | O18: 0 | P18: 0 | Q18: 0 | R18: 0 | S18: 42900
C19: 9139317 | D19: impresiones | G19: 3500 | H19: 3600 | I19: 3600 | J19: 3600
C20: 9156004 | D20: material de oficina | G20: 3500 | H20: 3600 | I20: 3600 | J20: 3600
B21: * Registro visual | C21: 9139323 | D21: otros servicios | E21: 300 | F21: por taller | G21: 10500 | H21: 10800 | I21: 10800 | J21: 10800 | K21: 1000 | L21: 1000 | M21: 1000 | N21: 1000 | O21: 1000 | P21: 1000 | Q21: 1000 | R21: 1000 | S21: 42900
B22: * Comunicados por radios (nivel provincial) | C22: 9136402 | D22: otras comunicaciones | E22: 1500 | F22: por mes | G22: 1500 | H22: 1500 | I22: 1500 | J22: 3000 | K22: 1500 | L22: 0 | M22: 0 | N22: 0 | O22: 0 | P22: 0 | Q22: 0 | R22: 0 | S22: 9000
B23: Asistente de campo | C23: 9139318 | D23: Asistente de campo | E23: 1200 | F23: por mes | G23: 12000 | H23: 12000 | I23: 12000 | J23: 12000 | K23: 0 | L23: 0 | M23: 0 | N23: 0 | O23: 0 | P23: 0 | Q23: 0 | R23: 0 | S23: 48000
B26: Gastos Operativos | I26: 42795 | J26: 42826 | K26: 42856 | L26: 42887 | M26: 42917 | N26: 42948 | O26: 42979 | P26: 43009 | Q26: 43040 | R26: 43070 | S26: 43101 | T26: 43132
B27: n | C27: nombre | D27: cuenta | I27: (S/.) | J27: (S/.) | K27: (S/.) | L27: (S/.) | M27: (S/.) | N27: (S/.) | O27: (S/.) | P27: (S/.) | Q27: (S/.) | R27: (S/.) | S27: (S/.) | T27: (S/.)
B28: * Implementacion de Oficina y Equipos | C28: activos y compra de activos menores | D28: 3351100 | E28: 0001 | F28: CME-0100 | G28: 0 | H28: 0 | I28: 21900 | J28: 0 | K28: 0 | L28: 0 | M28: 0 | N28: 0 | O28: 0 | P28: 0 | Q28: 0 | R28: 0 | S28: 0 | T28: 0
B29: Pasaje Aereo | C29: Pasaje Aereo | D29: 9131120 | E29: 0001 | F29: CME-0100 | G29: 0 | H29: 0 | I29: 760 | J29: 760 | K29: 1520 | L29: 1520 | M29: 1520 | N29: 1520 | O29: 1520 | P29: 1520 | Q29: 1520 | R29: 1520 | S29: 1520 | T29: 1520
B30: Combustible | C30: Combustible | D30: 9131132 | E30: 0001 | F30: CME-0100 | G30: 0 | H30: 0 | I30: 4500 | J30: 4500 | K30: 4500 | L30: 4500 | M30: 4500 | N30: 3750 | O30: 2250 | P30: 2250 | Q30: 2250 | R30: 2250 | S30: 2250 | T30: 3000
B31: Alojamiento | C31: Alojamiento | D31: 9131300 | E31: 0001 | F31: CME-0100 | G31: 0 | H31: 0 | I31: 990 | J31: 990 | K31: 990 | L31: 990 | M31: 990 | N31: 990 | O31: 990 | P31: 990 | Q31: 990 | R31: 990 | S31: 990 | T31: 990
B32: Alimentacion | C32: Alimentacion | D32: 9131400 | E32: 0001 | F32: CME-0100 | G32: 0 | H32: 0 | I32: =7200+7952 -> 15152 | J32: =7200+7952 -> 15152 | K32: =7200+7952 -> 15152 | L32: =7200+7952 -> 15152 | M32: 7200 | N32: 7200 | O32: 7200 | P32: 7200 | Q32: 7200 | R32: 7200 | S32: 7200 | T32: 7200
B33: * Mantenimiento | C33: servicio de mantenimiento | D33: 9134304 | E33: 0001 | F33: CME-0100 | G33: 0 | H33: 0 | I33: 250 | J33: 250 | K33: 250 | L33: 250 | M33: 250 | N33: 250 | O33: 250 | P33: 250 | Q33: 250 | R33: 250 | S33: 250 | T33: 250
B34: * Alquiler de Oficinas | C34: * Alquiler de Oficinas | D34: 9135200 | E34: 0001 | F34: CME-0100 | G34: 0 | H34: 0 | I34: 1600 | J34: 1600 | K34: 1600 | L34: 1600 | M34: 1600 | N34: 1600 | O34: 1600 | P34: 1600 | Q34: 1600 | R34: 1600 | S34: 1600 | T34: 1600
B35: Alquiler de Vehìculo | C35: Alquiler de Vehìculo | D35: 9135400 | E35: 0001 | F35: CME-0100 | G35: 0 | H35: 0 | I35: 13200 | J35: 13200 | K35: 13200 | L35: 13200 | M35: 13200 | N35: 11000 | O35: 6600 | P35: 6600 | Q35: 6600 | R35: 6600 | S35: 6600 | T35: 8800
B36: Comunicaciones | C36: Comunicaciones | D36: 9136401 | E36: 0001 | F36: CME-0100 | G36: 0 | H36: 0 | I36: 300 | J36: 300 | K36: 300 | L36: 300 | M36: 300 | N36: 300 | O36: 300 | P36: 300 | Q36: 300 | R36: 300 | S36: 300 | T36: 300
B37: * Comunicados por radios (nivel provincial) | C37: otras comunicaciones | D37: 9136402 | E37: 0001 | F37: CME-0100 | G37: 0 | H37: 0 | I37: 1500 | J37: 1500 | K37: 1500 | L37: 3000 | M37: 1500 | N37: 0 | O37: 0 | P37: 0 | Q37: 0 | R37: 0 | S37: 0 | T37: 0
B38: * Servicios | C38: servicio de limpieza | D38: 9139314 | E38: 0001 | F38: CME-0100 | G38: 0 | H38: 0 | I38: 270 | J38: 270 | K38: 270 | L38: 270 | M38: 270 | N38: 270 | O38: 270 | P38: 270 | Q38: 270 | R38: 270 | S38: 270 | T38: 270
B39: Examenes Medicos - Pre ocupacional para equipo de planta | C39: examenes medicos | D39: 9139315 | E39: 0001 | F39: CME-0100 | G39: 0 | H39: 0 | I39: 1500 | J39: 0 | K39: 0 | L39: 0 | M39: 0 | N39: 0 | O39: 0 | P39: 0 | Q39: 0 | R39: 0 | S39: 0 | T39: 0
B40: Conductor | C40: Conductor | D40: 9139316 | E40: 0001 | F40: CME-0100 | G40: 0 | H40: 0 | I40: 6000 | J40: 9000 | K40: 6000 | L40: 6000 | M40: 6000 | N40: 6000 | O40: 3000 | P40: 3000 | Q40: 3000 | R40: 3000 | S40: 3000 | T40: 3000
C41: impresiones | D41: 9139317 | E41: 0001 | F41: CME-0100 | G41: 0 | H41: 0 | I41: 3500 | J41: 3600 | K41: 3600 | L41: 3600
B42: Asistente de campo | C42: Asistente de campo | D42: 9139318 | E42: 0001 | F42: CME-0100 | G42: 0 | H42: 0 | I42: 12000 | J42: 12000 | K42: 12000 | L42: 12000 | M42: 0 | N42: 0 | O42: 0 | P42: 0 | Q42: 0 | R42: 0 | S42: 0 | T42: 0
B43: * Registro visual | C43: otros servicios | D43: 9139323 | E43: 0001 | F43: CME-0100 | G43: 0 | H43: 0 | I43: 10500 | J43: 10800 | K43: 10800 | L43: 10800 | M43: 1000 | N43: 1000 | O43: 1000 | P43: 1000 | Q43: 1000 | R43: 1000 | S43: 1000 | T43: 1000
B44: EPPs - Indumentaria para campo con protección UV | C44: EPP | D44: 9156002 | E44: 0001 | F44: CME-0100 | G44: 0 | H44: 0 | I44: 1800 | J44: 0 | K44: 0 | L44: 0 | M44: 0 | N44: 0 | O44: 0 | P44: 0 | Q44: 0 | R44: 0 | S44: 0 | T44: 0
C45: material de oficina | D45: 9156004 | E45: 0001 | F45: CME-0100 | G45: 0 | H45: 0 | I45: 3500 | J45: 3600 | K45: 3600 | L45: 3600
B46: * Materiales | C46: copias | D46: 9159400 | E46: 0001 | F46: CME-0100 | G46: 0 | H46: 0 | I46: 3500 | J46: 3600 | K46: 3600 | L46: 3600 | M46: 0 | N46: 0 | O46: 0 | P46: 0 | Q46: 0 | R46: 0 | S46: 0 | T46: 0
